 Dungeon Crawl Stone Soup version 0.30-a0-250-g41c1d76940 (webtiles) character file.

Game seed: 8728930729421384679

1698621 sleeves the Acrobat (level 27, 266/266 HPs)
             Began as a Minotaur Cinder Acolyte on Oct 12, 2022.
             Was a High Priest of Ignis.
             Escaped with the Orb
             ... and 3 runes!
             The game lasted 02:10:32 (69415 turns).

sleeves the Acrobat (Minotaur Cinder Acolyte)      Turns: 69415, Time: 02:10:33

Health: 266/266    AC: 41    Str: 31    XL:     27
Magic:  23/23      EV: 21    Int: 12    God:    Ignis [*****.]
Gold:   6032       SH:  0    Dex: 13    Spells: 28/28 levels left

rFire   + + .      SeeInvis .    y - +9 executioner's axe (freeze)
rCold   + + .      Faith    .    (shield currently unavailable)
rNeg    + + +      Spirit   .    s - +4 gold dragon scales
rPois   +          Reflect  .    (helmet restricted)
rElec   +          Harm     .    P - +1 cloak of Starlight {*Dazzle EV+4 Stlth--}
rCorr   .          Rampage  .    Y - +2 pair of gloves {Dex+3}
Will    +++..                    L - +2 pair of boots {Fly}
Stlth   ..........               B - amulet of Vitality {RegenMP++ Regen++}
HPRegen 2.24/turn                I - ring "Campiwk" {Drain rPois Will+ Int+6 Dex-3}
MPRegen 0.98/turn                b - ring "Paodd" {rElec rC+ rN+++ Str+7 Int-5}

@: flying, studying Earth Magic
A: horns 2, retaliatory headbutt, clumsy 1, mutation resistance 1, screaming 1,
no potion heal 1
0: Orb of Zot
}: 3/15 runes: decaying, silver, gossamer
a: Renounce Religion, Fiery Armour, Foxfire Swarm, Rising Flame


You escaped.
You worshipped Ignis.
Ignis was extremely pleased with you.
You visited 10 branches of the dungeon, and saw 50 of its levels.
You also visited: Wizlab and Desolation.

You collected 9593 gold pieces.
You spent 3561 gold pieces at shops.

Inventory:

Hand Weapons
 y - a +9 executioner's axe of freezing (weapon)
   (You acquired it on level 5 of the Lair of Beasts)
Missiles
 f - 17 curare-tipped darts
 k - 6 throwing nets
 z - 12 boomerangs
 A - 8 silver boomerangs (quivered)
 J - 7 boomerangs of dispersal
 R - 5 javelins
Armour
 s - +4 gold dragon scales (worn)
   (You found it on level 4 of the Depths)
 L - a +2 pair of boots of flying (worn)
   (You found it on level 4 of the Spider Nest)
 P - the +1 cloak of Starlight (worn) {*Dazzle EV+4 Stlth--}
   (You found it on level 2 of the Realm of Zot)

   It may blind those who miss an attack against the wearer in melee combat.
   EV:        It affects your evasion (+4).
   Stlth:     It makes you much less stealthy.
 T - a +1 cloak of preservation
   (You bought it in a shop on level 6 of the Dungeon)
 Y - a +2 pair of gloves of dexterity (worn)
   (You found it in the Desolation of Salt)
Jewellery
 b - the ring "Paodd" (right hand) {rElec rC+ rN+++ Str+7 Int-5}
   (You bought it in a shop on level 2 of the Dungeon)

   [ring of strength]

   Str:       It affects your strength (+7).
   Int:       It affects your intelligence (-5).
   rC:        It protects you from cold.
   rElec:     It insulates you from electricity.
   rN:        It renders you almost immune to negative energy.
 i - a +6 ring of dexterity
   (You found it on level 3 of the Depths)
 q - the ring of Iqunwe {rElec rF+ rC+}
   (You found it in the Desolation of Salt)

   [ring of protection from fire]

   rF:        It protects you from fire.
   rC:        It protects you from cold.
   rElec:     It insulates you from electricity.
 B - the amulet of Vitality (around neck) {RegenMP++ Regen++}
   (You took it off a vault warden on level 5 of the Vaults)

   [amulet of magic regeneration]

   It increases your rate of magic regeneration.
   Regen:     It increases your rate of health regeneration.
 E - an amulet of regeneration
   (You took it off a deep elf high priest on level 5 of the Vaults)
 I - the ring "Campiwk" (left hand) {Drain rPois Will+ Int+6 Dex-3}
   (You found it in the Desolation of Salt)

   [ring of poison resistance]

   Int:       It affects your intelligence (+6).
   Dex:       It affects your dexterity (-3).
   rPois:     It protects you from poison.
   Drain:     It drains your maximum health when unequipped.
   Will:      It increases your willpower.
 N - the amulet of Atzu {Spirit rElec SInv}
   (You took it off a vault sentinel on level 5 of the Vaults)

   [amulet of guardian spirit]

   It causes incoming damage to be divided between your reserves of health and
   magic.
   rElec:     It insulates you from electricity.
   SInv:      It lets you see invisible.
 O - a ring of see invisible
   (You found it on level 11 of the Dungeon)
Wands
 e - a wand of light (26)
   (You found it on level 3 of the Dungeon)
 S - a wand of digging (14)
   (You found it on level 11 of the Dungeon)
 W - a wand of roots (66)
   (You found it on level 13 of the Dungeon)
Scrolls
 c - 3 scrolls of enchant weapon
 d - a scroll of silence
 h - 8 scrolls of fog
 j - 2 scrolls of blinking
 w - 12 scrolls of teleportation
 x - 2 scrolls of fear
 H - 2 scrolls of brand weapon
 M - 3 scrolls of poison
 Q - a scroll of amnesia
 X - 3 scrolls of magic mapping
 Z - a scroll of enchant armour
Potions
 a - 6 potions of might
 l - a potion of brilliance
 n - 5 potions of magic
 o - 5 potions of cancellation
 p - 20 potions of curing
 r - 6 potions of ambrosia
 t - 6 potions of invisibility
 u - 2 potions of haste
 v - 8 potions of attraction
 F - 8 potions of heal wounds
 K - 6 potions of mutation
 U - 5 potions of resistance
Miscellaneous
 g - a phial of floods
   (You found it on level 1 of the Crypt)
 m - a condenser vane
   (You found it on level 2 of the Swamp)
 C - a box of beasts
   (You found it on level 3 of the Elven Halls)
 D - a phantom mirror
   (You found it on level 14 of the Dungeon)
 G - a tin of tremorstones (2/2)
   (You found it in the Desolation of Salt)


   Skills:
 - Level 25.0 Fighting
 + Level 24.4 Axes
 - Level 20.0 Throwing
 - Level 25.0 Armour
 - Level 25.4 Dodging
 - Level 1.0 Spellcasting
 - Level 2.1 Fire Magic
 - Level 20.0 Evocations


You had 28 spell levels left.
You didn't know any spells.
Your spell library contained the following spells:

 Spells                   Type           Power      Damage    Failure   Level
 Scorch                   Fire           10%        2d6       73%         2
 Apportation              Tloc           0%         N/A       87%         1
 Freeze                   Ice            0%         1d3       87%         1
 Kiss of Death            Conj/Necr      0%         2d5       87%         1
 Necrotise                Necr           0%         1d4       87%         1
 Shock                    Conj/Air       0%         1d3       87%         1
 Sting                    Tmut/Pois      0%         1d3       87%         1
 Summon Small Mammal      Summ           0%         N/A       87%         1
 Blink                    Tloc           0%         N/A       95%         2
 Cigotuvi's Dreadful Rot  Necr/Pois/Air  0%         N/A       95%         2
 Ensorcelled Hibernation  Hex/Ice        0%         N/A       95%         2
 Momentum Strike          Conj/Tloc      0%         3d8       95%         2
 Poisonous Vapours        Pois/Air       0%         N/A       95%         2
 Sublimation of Blood     Necr           0%         N/A       95%         2
 Wereblood                Tmut           0%         N/A       95%         2
 Confusing Touch          Hex            0%         N/A       99%         3
 Frozen Ramparts          Ice            0%         1d1       99%         3
 Gell's Gravitas          Tloc           0%         N/A       99%         3
 Hailstorm                Conj/Ice       0%         3d3       99%         3
 Kindle Blastsparks       Fire/Tloc/Air  4%         2d10      99%         3
 Lesser Beckoning         Tloc           0%         N/A       99%         3
 Ozocubu's Armour         Ice            0%         N/A       99%         3
 Portal Projectile        Hex/Tloc       0%         N/A       99%         3
 Spider Form              Tmut/Pois      0%         N/A       99%         3
 Swiftness                Air            0%         N/A       99%         3
 Teleport Other           Tloc           0%         N/A       99%         3
 Tukima's Dance           Hex            0%         N/A       99%         3
 Vampiric Draining        Necr           0%         2d6       99%         3
 Airstrike                Air            0%         2d(0-16)  100%        4
 Anguish                  Hex/Necr       0%         N/A       100%        4
 Animate Armour           Summ/Erth      0%         N/A       100%        4
 Animate Dead             Necr           0%         N/A       100%        4
 Cause Fear               Hex            0%         N/A       100%        4
 Dispel Undead            Necr           0%         3d6       100%        4
 Flame Wave               Conj/Fire      3%         2d5       100%        4
 Fulminant Prism          Conj/Hex       0%         3d6       100%        4
 Ice Form                 Ice/Tmut       0%         N/A       100%        4
 Iskenderun's Mystic Bla  Conj/Tloc      0%         2d3       100%        4
 Leda's Liquefaction      Hex/Erth       0%         N/A       100%        4
 Olgreb's Toxic Radiance  Pois           0%         N/A       100%        4
 Passage of Golubria      Tloc           0%         N/A       100%        4
 Petrify                  Tmut/Erth      0%         N/A       100%        4
 Summon Ice Beast         Ice/Summ       0%         N/A       100%        4
 Summon Lightning Spire   Summ/Air       0%         N/A       100%        4
 Alistair's Intoxication  Tmut/Pois      0%         N/A       100%        5
 Blade Hands              Tmut           0%         N/A       100%        5
 Borgnjor's Vile Clutch   Necr/Erth      0%         N/A       100%        5
 Freezing Cloud           Conj/Ice/Air   0%         6-21      100%        5
 Irradiate                Conj/Tmut      0%         3d11      100%        5
 Lee's Rapid Deconstruct  Erth           0%         3d5*      100%        5
 Lightning Bolt           Conj/Air       0%         1d11      100%        5
 Metabolic Englaciation   Hex/Ice        0%         N/A       100%        5
 Summon Forest            Summ/Tloc      0%         N/A       100%        5
 Summon Mana Viper        Hex/Summ       0%         N/A       100%        5
 Yara's Violent Unravell  Hex/Tmut       0%         3d3       100%        5
 Death Channel            Necr           0%         N/A       100%        6
 Eringya's Noxious Bog    Tmut/Pois      0%         N/A       100%        6
 Iron Shot                Conj/Erth      0%         9d1       100%        6
 Simulacrum               Ice/Necr       0%         N/A       100%        6
 Starburst                Conj/Fire      1%         6d3       100%        6
 Statue Form              Tmut/Erth      0%         N/A       100%        6
 Summon Cactus Giant      Summ           0%         N/A       100%        6
 Dragon Form              Tmut           0%         N/A       100%        7
 Enfeeble                 Hex            0%         N/A       100%        7
 Haunt                    Necr/Summ      0%         N/A       100%        7
 Monstrous Menagerie      Summ           0%         N/A       100%        7
 Ozocubu's Refrigeration  Ice            0%         4d7       100%        7
 Summon Hydra             Summ           0%         N/A       100%        7
 Borgnjor's Revivificati  Necr           0%         N/A       100%        8
 Necromutation            Tmut/Necr      0%         N/A       100%        8
 Chain Lightning          Conj/Air       0%         N/A       100%        9
 Death's Door             Necr           0%         N/A       100%        9
 Dragon's Call            Summ           0%         N/A       100%        9
 Polar Vortex             Ice            0%         N/A       100%        9


Dungeon Overview and Level Annotations

Branches:
Dungeon (15/15)            Temple (0/1) D:6            Lair (5/5) D:10
  Swamp (4/4) Lair:2       Spider (4/4) Lair:3        Slime (0/5) Lair:4
    Orc (2/2) D:10            Elf (3/3) Orc:2        Vaults (5/5) D:14
  Crypt (3/3) Vaults:3       Tomb (0/3) Crypt:3      Depths (4/4) D:15
    Zot (5/5) Depths:4     WizLab (visited)         Desolation (visited)

Altars:
Cheibriados
Fedhas
Hepliaklqana
Kikubaaqudgha
Okawaru
Qazlal
Ru
Sif Muna
Uskayaw
Wu Jian
Xom
Yredelemnul
Jiyva
Lugonu

Shops:
D:2 =   D:4 !   D:6 [=*?[   D:7 (   D:8 :(?   D:10 :   Orc:1 *   Orc:2 *[*:
Vaults:5 !   Depths:1 *==:

Portals:
Hell: Depths:2 Depths:3 Depths:4
Abyss: Lair:5 Depths:1 Depths:3
Pandemonium: Orc:2 Depths:2
Ziggurat: Depths:4

Annotations:
D:5 1 runed translucent door, hgbash's ghost, novice GrEE
Spider:3 3 runed translucent doors, Lahaam's ghost, adept MiBe
Elf:1 1 runed translucent door, chippings's ghost, journeyman HOMo
Elf:2 3 runed translucent doors
Vaults:1 3 runed translucent doors, Jesycrur's ghost, veteran OpEE
Depths:1 exclusion: 2 doors
Depths:2 3 runed translucent doors, Foimof's ghost, adept FeVM; Oleutuy's ghost, veteran SpVM
Depths:4 6 runed translucent doors


Innate Abilities, Weirdness & Mutations

You have a pair of horns on your head.
You reflexively headbutt those who attack you in melee.
You are clumsy. (Dex -2)
You are somewhat resistant to further mutation.
You occasionally shout uncontrollably at your foes.
Potions are less effective at restoring your health.


Message History

You throw a silver boomerang.
The silver boomerang misses the electric golem.
The electric golem blinks!
You throw a silver boomerang. The red draconian roars!
The silver boomerang hits the electric golem!!
The electric golem is heavily damaged.
The electric golem blinks!
You throw a silver boomerang.
The silver boomerang completely misses the electric golem.
An Orb Guardian comes into view.
You throw a silver boomerang.
The silver boomerang closely misses the electric golem.
A Killer Klown comes into view. It is wielding a +12 club of flaming.
You slice the electric golem!! You freeze the electric golem.
Your headbutt misses the electric golem.
The electric golem is severely damaged.
The electric golem hits you but does no damage.
The electric golem barely misses you.
The electric golem hits you but does no damage.
The electric golem barely misses you.
The Killer Klown does a somersault.
The Killer Klown blinks!
The electric golem hits you but does no damage. x3
The electric golem misses you.
You slice the electric golem!!
Your headbutt misses the electric golem.
The electric golem is almost destroyed.
The red draconian breathes fire at you.
The searing blast hits you but does no damage.
The electric golem hits you but does no damage.
The electric golem closely misses you.
The electric golem completely misses you.
The electric golem misses you.
You miss the electric golem.
Your headbutt misses the electric golem.
The electric golem is almost destroyed.
You are engulfed in blazing flames.
You resist.
The electric golem closely misses you. x2
The electric golem hits you but does no damage. x2
The Killer Klown pantomimes your execution.
You slash the electric golem! You freeze the electric golem.
You destroy the electric golem!
You hit the Killer Klown but do no damage.
You are engulfed in blazing flames.
You resist. The Killer Klown closely misses you. You furiously retaliate!
You headbutt the Killer Klown, but do no damage.
You closely miss the Killer Klown. Your headbutt misses the Killer Klown.
You are engulfed in blazing flames.
You resist.
The red draconian enters a dispersal trap!
The Orb Guardian blinks!
The Killer Klown blinks!
You blink.
The red draconian blinks!
You barely miss the Killer Klown.
The Killer Klown is engulfed in blazing flames.
The Killer Klown headlocks you with a +12 club of flaming!
You slice the Killer Klown!! You freeze the Killer Klown.
Your headbutt misses the Killer Klown.
The Killer Klown is moderately wounded.
You closely miss the Orb Guardian.
You hear a chilling moan.
The Orb Guardian completely misses you.
The Killer Klown is engulfed in blazing flames.
The Killer Klown strangle-hugs you with a +12 club of flaming!!
The Killer Klown burns you.
You hear a shout!
You miss the Killer Klown. Your headbutt misses the Killer Klown.
The Killer Klown is moderately wounded.
You slice the red draconian!!
The red draconian seems to slow down.
You freeze the red draconian.
You hit the Orb Guardian but do no damage.
The Orb Guardian hits you!!
The Killer Klown is engulfed in blazing flames.
The Killer Klown strangle-hugs you with a +12 club of flaming!
The Killer Klown burns you.
You closely miss the red draconian. You headbutt the red draconian!
The red draconian is heavily wounded.
You miss the Killer Klown. You barely miss the Orb Guardian.
The red draconian is no longer moving slowly.
The Orb Guardian hits you! The red draconian breathes fire at you.
The searing blast hits you. You resist.
You slice the red draconian like a ripe choko!!!
You freeze the red draconian!
You kill the red draconian!
You carve the Killer Klown like a ham!!!
You freeze the Killer Klown! You barely miss the Orb Guardian.
You hear a shout!
The Killer Klown is engulfed in blazing flames.
The Killer Klown flogs you with a +12 club of flaming.
The Orb Guardian closely misses you. You furiously retaliate!
You headbutt the Orb Guardian, but do no damage.
You slice the Killer Klown!! You freeze the Killer Klown.
The Killer Klown is almost dead.
You open the Orb Guardian like a pillowcase!!!
You freeze the Orb Guardian.
The Killer Klown blinks!
The Killer Klown enters a dispersal trap!
The Orb Guardian blinks!
You blink.
The Killer Klown blinks!
The Orb Guardian closely misses you. The Orb Guardian hits you!
You are too injured to fight recklessly!
You are too injured to fight recklessly!
You are too injured to fight recklessly!
You are too injured to fight recklessly!
You are too injured to fight recklessly!
You are too injured to fight recklessly!
You slice the Orb Guardian!! You freeze the Orb Guardian.
Your headbutt misses the Orb Guardian.
The Orb Guardian is severely wounded.
The Orb Guardian hits you!
You cut the Orb Guardian into ribbons!!!
You freeze the Orb Guardian.
You kill the Orb Guardian!
You start resting.
A Killer Klown is nearby!
The Killer Klown blinks!
You start resting.
The Killer Klown blinks!
You throw a silver boomerang.
The silver boomerang hits the Killer Klown!
The silver sears the Killer Klown!
The Killer Klown is almost dead.
The Killer Klown pies you viciously! The klown pie hits you!!
Lemon!
You feel unable to drink.
You are too injured to fight recklessly!
Throw: 8 boomerangs (silver)
Press: ? - help, Q - select action, (/) - cycle Shift-Dir - straight line, f/p - Killer Klown
Aim: a Killer Klown, wielding a +12 club of flaming (almost dead, 65% to hit, chaotic)
You throw a silver boomerang.
The silver boomerang hits the Killer Klown!!
The silver sears the Killer Klown!
You kill the Killer Klown!
You can drink potions again.
HP restored.
Things that are here:
a +12 club of flaming; a Killer Klown corpse
Things that are here:
a +0 war axe; a ring of protection from fire; a red draconian corpse You see here the Orb of Zot.
You feel yourself speed up.
You pick up the Orb of Zot!
The Orb lets out a hideous shriek!
The lords of Pandemonium are not amused.
Beware!
Now all you have to do is get back out of the dungeon!
You hear a chilling moan.
You hear a deafening roar!
You hear a shout!
Really fly into that permanent teleport trap?
You enter a permanent teleport trap!
Your surroundings suddenly seem different.
Things that are here:
the +9 mace of Benevolence {venom, rC+ Int+6}; a scroll of identify
Things that are here:
a +0 long sword; a +0 cloak You see here a +12 club.
Your extra speed is starting to run out.
You feel yourself slow down.
There is an escape hatch in the ceiling here.
A mysterious force pulls you upwards. The hatch slams shut behind you.
A neqoxec comes into view.
You throw a silver boomerang.
The silver boomerang misses the neqoxec.
You throw a silver boomerang. The silver boomerang hits the neqoxec!!
The silver sears the neqoxec!
You kill the neqoxec!
You reach down and open the door.
There is an open door here.
You reach down and open the door.
There is an open door here.
There is a stone staircase leading up here.
You fly upwards.
There is a stone staircase leading down here.
You yell at the Ice Fiend!
An Ice Fiend comes into view.
The Ice Fiend roars!
You can't go up here!
You throw a silver boomerang.
The silver boomerang hits the Ice Fiend but does no damage.
The Ice Fiend is lightly wounded.
You throw a silver boomerang.
The silver boomerang barely misses the Ice Fiend.
The Ice Fiend gestures at you. The bolt of cold hits you. You resist.
You throw a silver boomerang.
The silver boomerang hits the Ice Fiend!
The Ice Fiend is lightly wounded.
No target in view!
An Ice Fiend is nearby!
You throw a silver boomerang.
The silver boomerang hits the Ice Fiend!!!
The Ice Fiend is heavily wounded.
You throw a silver boomerang.
The silver boomerang hits the Ice Fiend!!!
You kill the Ice Fiend!
(D) Dungeon (T) Temple (L) Lair (S) Swamp (N) Spider Nest (M) Slime Pits (O) Orcish Mines (E) Elven Halls (V) Vaults (C) Crypt (W) Tomb (U) Depths (H) Hell (Z) Zot
Where to? (Enter - Zot:3 @ (x,y), ? - help)
You reach down and open the door.
There is a strange disturbance nearby!
You can't go up here!
There is an open door here.
There is an open door, spattered with blood here.
You see here quicksilver dragon scales.
There is a stone staircase leading up here.
You fly upwards.
There is a stone staircase leading down here.
An Executioner comes into view.
The Executioner gives a hideous shriek!
You can't go up here!
You throw a silver boomerang.
The silver boomerang barely misses the Executioner.
No target in view!
The Executioner gestures.
The Executioner seems to speed up.
You throw a silver boomerang.
The silver boomerang closely misses the Executioner.
You barely miss the Executioner. The Executioner closely misses you.
You furiously retaliate!
You headbutt the Executioner. The Executioner misses you.
The Executioner hits you but does no damage.
The Executioner closely misses you. You furiously retaliate!
You headbutt the Executioner!
The Executioner hits you but does no damage. x2
You completely miss the Executioner.
The Executioner is moderately wounded.
The Executioner hits you! The Executioner completely misses you.
The Executioner misses you. The Executioner closely misses you.
The Executioner misses you.
The Executioner hits you but does no damage.
An Ozofejogyg, a large abomination and a red devil come into view.
You miss the Executioner. Your headbutt misses the Executioner.
The Executioner is moderately wounded.
The Executioner misses you. You furiously retaliate!
You headbutt the Executioner.
The Executioner's sight is seared by the starlight!
The Executioner completely misses you.
The Executioner hits you but does no damage.
The Executioner barely misses you.
The Executioner is temporarily struck blind!
The Executioner completely misses you.
The Executioner hits you but does no damage.
You catch the helpless Executioner completely off-guard!
You open the Executioner like a pillowcase!!!
You freeze the Executioner!
You kill the Executioner!
Press: ? - help, v - describe, . - travel
Here: Ozofejogyg The floor.
Unknown command.
You feel yourself speed up.
You hear a loud "Zot"!
Ozofejogyg gestures at you. You resist with significant effort.
You hit Ozofejogyg but do no damage. Your headbutt misses Ozofejogyg.
You slash the large abomination! You freeze the large abomination.
You miss Ozofejogyg. Your headbutt misses Ozofejogyg.
You hit the large abomination but do no damage.
Ozofejogyg gestures.
The large abomination hits you!
The red devil hits you from afar with a +0 trident.
Barbed spikes become lodged in your body.
You hit Ozofejogyg but do no damage. You slice the large abomination!!
You freeze the large abomination.
You destroy the large abomination!
You closely miss Ozofejogyg. Ozofejogyg barely misses you.
You furiously retaliate!
You headbutt Ozofejogyg. The red devil completely misses you.
You carve Ozofejogyg like a ham!!! You freeze Ozofejogyg.
Ozofejogyg is lightly wounded.
You miss Ozofejogyg.
Ozofejogyg is lightly wounded.
Ozofejogyg closely misses you. The red devil misses you.
You miss Ozofejogyg. Your headbutt misses Ozofejogyg.
Ozofejogyg is lightly wounded.
You slice Ozofejogyg!!
Ozofejogyg is moderately wounded.
Ozofejogyg hits you. The red devil misses you.
You miss Ozofejogyg.
Ozofejogyg is moderately wounded.
You slice Ozofejogyg like a ripe choko!!!
You freeze Ozofejogyg. You headbutt Ozofejogyg.
Ozofejogyg is heavily wounded.
You hit the Ice Fiend but do no damage. You slice Ozofejogyg!!
You freeze Ozofejogyg. Your headbutt misses Ozofejogyg.
Ozofejogyg is severely wounded.
You barely miss the Ice Fiend. Ozofejogyg gestures at you.
You feel your power leaking away.
The red devil hits you but does no damage.
The Ice Fiend gestures at you. The bolt of cold misses you.
You slice Ozofejogyg!! You freeze Ozofejogyg. Your headbutt misses Ozofejogyg.
Ozofejogyg is severely wounded.
You barely miss the Ice Fiend. You slash Ozofejogyg! You freeze Ozofejogyg.
You headbutt Ozofejogyg.
Ozofejogyg is almost dead.
You slash the Ice Fiend!
You carefully extract the barbed spikes from your body.
Ozofejogyg hits you but does no damage.
A demonspawn warmonger comes into view.
It is wielding a +2 battleaxe of electrocution and wearing a +1 plate armour of poison resistance.
You yell at the demonspawn warmonger!
The red devil hits you from afar with a +0 trident!
Barbed spikes become lodged in your body.
The Ice Fiend completely misses you.
The Ice Fiend claws you but does no damage.
You chop Ozofejogyg into pieces!!! You freeze Ozofejogyg.
You kill Ozofejogyg!
The Ice Fiend disappears in a puff of smoke!
The barbs in your skin will harm you if you move.
Continue? [Y]es or [N]o only, please.
The barbs in your skin will harm you if you move.
Continue? [Y]es or [N]o only, please.
The barbs in your skin will harm you if you move.
Continue?
The barbed spikes dig painfully into your body as you move.
The demonspawn warmonger unwields a +2 battleaxe of electrocution.
It stops crackling.
The demonspawn warmonger wields a +3 triple crossbow of freezing.
It is covered in frost.
The demonspawn warmonger shoots a bolt.
The bolt misses you.
The red devil hits you but does no damage.
You hit the red devil. You freeze the red devil.
You headbutt the red devil, but do no damage.
The red devil is moderately wounded.
You cut the red devil into ribbons!!! You freeze the red devil!
You kill the red devil!
The barbed spikes dig painfully into your body as you move.
You see here a +0 trident.
The barbed spikes dig painfully into your body as you move.
The barbed spikes dig painfully into your body as you move.
The barbed spikes dig painfully into your body as you move.
The barbed spikes dig painfully into your body as you move.
The barbed spikes dig painfully into your body as you move.
The barbed spikes dig painfully into your body as you move.
The barbed spikes dig painfully into your body as you move.
The barbed spikes dig painfully into your body as you move.
The barbed spikes snap loose.
You see here a +0 chain mail.
You see here a +0 cloak of preservation.
A tormentor comes into view.
Your extra speed is starting to run out.
There is a stone staircase leading up here.
You fly upwards.
There is a stone staircase leading down here.
You start resting.
You feel yourself slow down.
Unknown command.
A rust devil comes into view.
You can't go up here!
There is an open door here.
You completely miss the rust devil. You slash the rust devil!
You freeze the rust devil. You headbutt the rust devil!
The rust devil is heavily wounded.
The rust devil hits you. The rust devil corrodes you!
You slice the rust devil!! You freeze the rust devil.
You kill the rust devil!
No target in view!
No target in view!
Something hits you.
You feel your power leaking away.
Deactivating autopickup; reactivate with Ctrl-A.
You slice something!! You freeze something! You headbutt something.
You slash something! Something hits you but does no damage.
You slash something! You freeze something.
Something hits you but does no damage.
You slash something! You freeze something.
Reactivating autopickup.
You feel a bit more experienced.
A Caicuo, a neqoxec and a hellwing come into view.
You yell at the hellwing!
You see here a +0 short sword.
Press: ? - help, v - describe, . - travel
Here: Caicuo The floor.
Unknown command.
Unknown command.
You feel yourself speed up.
The neqoxec shouts!
The hellwing gives a chilling moan.
There is an open door here.
You are no longer corroded.
A rust devil comes into view.
There is an open door here.
You can't go up here!
You see here a ring of magical power.
(D) Dungeon (T) Temple (L) Lair (S) Swamp (N) Spider Nest (M) Slime Pits (O) Orcish Mines (E) Elven Halls (V) Vaults (C) Crypt (W) Tomb (U) Depths (H) Hell (Z) Zot
Where to? (Enter - Zot:1 @ (x,y), ? - help)
Okay, then.
You see here +0 gold dragon scales.
(D) Dungeon (T) Temple (L) Lair (S) Swamp (N) Spider Nest (M) Slime Pits (O) Orcish Mines (E) Elven Halls (V) Vaults (C) Crypt (W) Tomb (U) Depths (H) Hell (Z) Zot
Where to? (Enter - Zot:1 @ (x,y), ? - help)
Your extra speed is starting to run out.
There is a gate leading back out of this place here.
You fly up through the gate.
Welcome back to the Depths!
Level annotation: 6 runed translucent doors A glowing orange brain comes into view.
There is a gate to the Realm of Zot here.
A glowing orange brain is nearby!
You feel yourself slow down.
You slice the glowing orange brain!! You freeze the glowing orange brain!
The glowing orange brain is severely wounded.
You barely miss the glowing orange brain.
You headbutt the glowing orange brain.
The glowing orange brain is almost dead.
You slice the glowing orange brain!! You freeze the glowing orange brain.
You kill the glowing orange brain!
(D) Dungeon (T) Temple (L) Lair (S) Swamp (N) Spider Nest (M) Slime Pits (O) Orcish Mines (E) Elven Halls (V) Vaults (C) Crypt (W) Tomb (U) Depths (H) Hell (Z) Zot
Where to? (Enter - Depths:4 @ (x,y), ? - help)
There is an open door, spattered with blood here.
You see here a +0 scimitar.
Things that are here:
a +0 dire flail; a +0 dire flail You see here +0 fire dragon scales.
There is an open door, spattered with blood here.
Things that are here:
a stone; a +0 halberd; a +0 arbalest An Orb Guardian comes into view.
The Orb Guardian hits you!!
You closely miss the Orb Guardian. Your headbutt misses the Orb Guardian.
The Orb Guardian completely misses you. You furiously retaliate!
You headbutt the Orb Guardian, but do no damage.
You slice the Orb Guardian!! You freeze the Orb Guardian!
The Orb Guardian is moderately wounded.
The Orb Guardian hits you but does no damage.
You barely miss the Orb Guardian. You headbutt the Orb Guardian!
The Orb Guardian is heavily wounded.
The Orb Guardian hits you!!
You hit the Orb Guardian. You freeze the Orb Guardian.
The Orb Guardian is heavily wounded.
The Orb Guardian hits you!!
You slash the Orb Guardian! You freeze the Orb Guardian.
You headbutt the Orb Guardian.
The Orb Guardian is severely wounded.
The Orb Guardian hits you but does no damage.
You slice the Orb Guardian!! You freeze the Orb Guardian!
You kill the Orb Guardian!
No target in view!
(D) Dungeon (T) Temple (L) Lair (S) Swamp (N) Spider Nest (M) Slime Pits (O) Orcish Mines (E) Elven Halls (V) Vaults (C) Crypt (W) Tomb (U) Depths (H) Hell (Z) Zot
Where to? (Enter - Depths:4 @ (x,y), ? - help)
Things that are here:
a +0 flail; a +0 trident
There is an open door, spattered with blood here.
Things that are here:
2 scrolls of torment; a +0 dire flail
There is an open door here.
HP restored.
There is a stone staircase leading up here.
You fly upwards.
There is a stone staircase leading down here.
There is a stone staircase leading up here.
You fly upwards.
Level annotation: 3 runed translucent doors, Foimof's ghost, adept FeVM; Oleutuy's ghost, veteran SpVM
There is a stone staircase leading down, spattered with blood here.
There is a stone staircase leading up here.
You fly upwards.
Level annotation: exclusion: 2 doors
There is a stone staircase leading down here.
A toenail golem comes into view.
You can't go up here!
You yell at the Ice Fiend!
An Ice Fiend comes into view.
The Ice Fiend claws you but does no damage. x2
You slice the Ice Fiend!!
The Ice Fiend is moderately wounded.
You slash the Ice Fiend!
The Ice Fiend is moderately wounded.
The Ice Fiend gestures at you.
The bolt of cold hits you but does no damage.
You resist.
You slice the Ice Fiend like a ripe choko!!!
You headbutt the Ice Fiend.
The Ice Fiend is almost dead.
The Ice Fiend completely misses you. You furiously retaliate!
You headbutt the Ice Fiend, but do no damage.
The Ice Fiend misses you.
You slice the Ice Fiend!!
You kill the Ice Fiend!
You slash the toenail golem! You freeze the toenail golem.
Training target 25.0 for Fighting reached!
Training target 25.0 for Armour reached!
Your Fighting skill increases to level 25!
Your Armour skill increases to level 25!
You need to enable at least one skill for training.
You slash the toenail golem! You freeze the toenail golem.
You headbutt the toenail golem, but do no damage.
The toenail golem is moderately damaged.
The toenail golem closely misses you. You furiously retaliate!
You headbutt the toenail golem!
An Executioner and a large abomination come into view.
You slice the toenail golem!! You freeze the toenail golem.
The toenail golem is almost destroyed.
The toenail golem barely misses you. You furiously retaliate!
You headbutt the toenail golem!
You destroy the toenail golem!
The Executioner completely misses you.
The Executioner hits you but does no damage.
The Executioner closely misses you.
You slash the Executioner! You freeze the Executioner.
Your headbutt misses the Executioner.
The Executioner is moderately wounded.
The Executioner misses you. You furiously retaliate!
You headbutt the Executioner!
The Executioner hits you but does no damage.
The Executioner misses you.
You slash the Executioner!
The Executioner is severely wounded.
The Executioner gestures.
The Executioner seems to speed up.
A large abomination comes into view.
You open the Executioner like a pillowcase!!!
You freeze the Executioner.
You kill the Executioner!
The large abomination barely misses you.
You furiously retaliate!
You headbutt the large abomination, but do no damage.
The large abomination barely misses you.
You slice the large abomination like a ripe choko!!!
You freeze the large abomination. You headbutt the large abomination!
You destroy the large abomination!
The large abomination hits you!
You slash the large abomination! You freeze the large abomination!
The large abomination is heavily damaged.
The large abomination hits you.
You slash the large abomination! You freeze the large abomination.
You headbutt the large abomination.
The large abomination is severely damaged.
The large abomination closely misses you.
You barely miss the large abomination. You headbutt the large abomination!
You destroy the large abomination!
No target in view!
A Xateshrun and a small abomination come into view.
Xateshrun howls, "Capitulate, thou reeling-ripe dizzy-eyed horn-beast!"
An ice devil comes into view.
Xateshrun gestures at you.
You struggle to resist.
You feel yourself speed up.
A small abomination comes into view.
The ice devil completely misses you.
Xateshrun gestures.
Xateshrun blinks!
Press: ? - help, v - describe, . - travel
Here: Xateshrun (surrounded by negative energy)
The floor.
Unknown command.
Unknown command.
Unknown command.
Unknown command.
You slash Xateshrun! You freeze Xateshrun.
You headbutt Xateshrun, but do no damage.
Xateshrun is lightly wounded.
You slash the ice devil! Xateshrun hits you but does no damage.
You completely miss Xateshrun.
Xateshrun is lightly wounded.
You hit the small abomination but do no damage.
You barely miss the ice devil. The ice devil completely misses you.
You furiously retaliate!
You headbutt the ice devil!
You slice Xateshrun like a ripe choko!!!
You freeze Xateshrun!!
You headbutt Xateshrun, but do no damage.
Xateshrun is severely wounded.
You slash the ice devil!
You cut the small abomination into ribbons!!!
You freeze the small abomination.
You destroy the small abomination!
Xateshrun closely misses you.
You slice Xateshrun!! You freeze Xateshrun. You headbutt Xateshrun!
Xateshrun is almost dead.
You slice the ice devil!!
You kill the ice devil!
You hit the small abomination. You freeze the small abomination.
You hit Xateshrun but do no damage.
Xateshrun is almost dead.
You slice the small abomination!! You freeze the small abomination.
You destroy the small abomination!
Xateshrun hits you!
You carve Xateshrun like a ham!!! You freeze Xateshrun.
You kill Xateshrun!
(D) Dungeon (T) Temple (L) Lair (S) Swamp (N) Spider Nest (M) Slime Pits (O) Orcish Mines (E) Elven Halls (V) Vaults (C) Crypt (W) Tomb (U) Depths (H) Hell (Z) Zot
Where to? (Enter - Depths:1 @ (x,y), ? - help)
A smoke demon comes into view.
The smoke demon closely misses you. x2; The smoke demon misses you.
There is an open door here.
You hit the smoke demon. You freeze the smoke demon.
Your headbutt misses the smoke demon.
The smoke demon is lightly wounded.
The smoke demon gestures at you. The sticky flame misses you.
You slice the smoke demon like a ripe choko!!!
You freeze the smoke demon!
You kill the smoke demon!
No target in view!
(D) Dungeon (T) Temple (L) Lair (S) Swamp (N) Spider Nest (M) Slime Pits (O) Orcish Mines (E) Elven Halls (V) Vaults (C) Crypt (W) Tomb (U) Depths (H) Hell (Z) Zot
Where to? (Enter - D:15, ? - help) HP restored.
There is an open door here.
There is a staircase back to the Dungeon here.
You fly upwards.
Welcome back to the Dungeon!
There is a staircase to the Depths here.
(D) Dungeon (T) Temple (L) Lair (S) Swamp (N) Spider Nest (M) Slime Pits (O) Orcish Mines (E) Elven Halls (V) Vaults (C) Crypt (W) Tomb (U) Depths (H) Hell (Z) Zot
Where to? (Enter - D:15, ? - help)
You see here a +0 long sword.
Your extra speed is starting to run out.
There is an open door here.
A large abomination comes into view.
There is a stone staircase leading up here.
(D) Dungeon (T) Temple (L) Lair (S) Swamp (N) Spider Nest (M) Slime Pits (O) Orcish Mines (E) Elven Halls (V) Vaults (C) Crypt (W) Tomb (U) Depths (H) Hell (Z) Zot
Where to? (Enter - D:14, ? - help)
A large abomination is nearby!
You feel yourself slow down.
The large abomination barely misses you.
You furiously retaliate!
You headbutt the large abomination, but do no damage.
You slice the large abomination like a ripe choko!!!
You freeze the large abomination!
You destroy the large abomination!
No target in view!
No target in view!
(D) Dungeon (T) Temple (L) Lair (S) Swamp (N) Spider Nest (M) Slime Pits (O) Orcish Mines (E) Elven Halls (V) Vaults (C) Crypt (W) Tomb (U) Depths (H) Hell (Z) Zot
Where to? (Enter - D:14, ? - help)
There is a stone staircase leading up here.
You fly upwards.
There is a stone staircase leading down here.
(D) Dungeon (T) Temple (L) Lair (S) Swamp (N) Spider Nest (M) Slime Pits (O) Orcish Mines (E) Elven Halls (V) Vaults (C) Crypt (W) Tomb (U) Depths (H) Hell (Z) Zot
Where to? (Enter - D:14, ? - help) 2 hellwings come into view.
The hellwing gives a chilling moan.
The hellwing swoops through the air toward you!
The hellwing hits you but does no damage.
The hellwing misses you. The hellwing closely misses you.
You furiously retaliate!
You headbutt the hellwing, but do no damage.
The hellwing closely misses you.
A hellwing comes into view.
You slice the hellwing like a ripe choko!!!
You freeze the hellwing!!
You kill the hellwing!
You hit the hellwing but do no damage. You slice the hellwing!!
You freeze the hellwing!
The hellwing is severely wounded.
The hellwing hits you but does no damage.
The hellwing completely misses you.
You open the hellwing like a pillowcase!!!
You freeze the hellwing.
You kill the hellwing!
You barely miss the hellwing. You hit the hellwing. You freeze the hellwing.
The hellwing is lightly wounded.
The hellwing hits you but does no damage. x2
A hellwing comes into view.
You carve the hellwing like a ham!!! You freeze the hellwing.
The hellwing is almost dead.
The hellwing closely misses you. The hellwing barely misses you.
The hellwing swoops through the air toward you!
The hellwing completely misses you. You furiously retaliate!
You headbutt the hellwing, but do no damage.
The hellwing hits you but does no damage.
You hit the hellwing. You freeze the hellwing.
You kill the hellwing!
You hit the hellwing. You freeze the hellwing. You barely miss the hellwing.
The hellwing is lightly wounded.
The hellwing closely misses you. You furiously retaliate!
You headbutt the hellwing, but do no damage.
The hellwing hits you but does no damage.
You slice the hellwing!! You freeze the hellwing!
You kill the hellwing!
No target in view!
No target in view!
No target in view!
(D) Dungeon (T) Temple (L) Lair (S) Swamp (N) Spider Nest (M) Slime Pits (O) Orcish Mines (E) Elven Halls (V) Vaults (C) Crypt (W) Tomb (U) Depths (H) Hell (Z) Zot
Where to? (Enter - D:13, ? - help)
An Orb Guardian comes into view.
(D) Dungeon (T) Temple (L) Lair (S) Swamp (N) Spider Nest (M) Slime Pits (O) Orcish Mines (E) Elven Halls (V) Vaults (C) Crypt (W) Tomb (U) Depths (H) Hell (Z) Zot
Where to? (Enter - D:13, ? - help)
Okay, then.
You open the Orb Guardian like a pillowcase!!!
You freeze the Orb Guardian. You headbutt the Orb Guardian!
The Orb Guardian is almost dead.
You hit the Orb Guardian. You freeze the Orb Guardian.
You headbutt the Orb Guardian!
The Orb Guardian is almost dead.
The Orb Guardian hits you.
You closely miss the Orb Guardian. You headbutt the Orb Guardian.
You kill the Orb Guardian!
(D) Dungeon (T) Temple (L) Lair (S) Swamp (N) Spider Nest (M) Slime Pits (O) Orcish Mines (E) Elven Halls (V) Vaults (C) Crypt (W) Tomb (U) Depths (H) Hell (Z) Zot
Where to? (Enter - D:13, ? - help) HP restored.
You see here a +0 dagger.
Voro comes into view.
Press: ? - help, v - describe, . - travel
Here: Voro The floor.
Unknown command.
Okay, then.
A shadow imp and a red devil come into view.
The shadow imp shouts!
You feel very mighty all of a sudden. Voro misses you. You furiously retaliate!
You headbutt Voro. The shadow imp closely misses you. You furiously retaliate!
You headbutt the shadow imp!!
You kill the shadow imp!
The red devil barely misses you.
You completely miss Voro.
Voro is lightly wounded.
Voro completely misses you.
You completely miss Voro.
Voro is lightly wounded.
Voro trunk-slaps you. Voro corrodes you!
The red devil hits you from afar with a +0 trident.
Barbed spikes become lodged in your body.
You cut Voro into ribbons!!! You freeze Voro. Your headbutt misses Voro.
Voro is moderately wounded.
Voro misses you. You furiously retaliate!
You headbutt Voro, but do no damage.
The red devil hits you but does no damage.
You slash Voro! Your headbutt misses Voro.
Voro is moderately wounded.
Voro trunk-slaps you. Voro corrodes you!
You completely miss Voro.
Voro is moderately wounded.
Voro trunk-slaps you!! Voro corrodes you! The red devil misses you.
You hit Voro. Your headbutt misses Voro.
Voro is moderately wounded.
Voro trunk-slaps you!! Voro corrodes you! The red devil misses you.
You miss Voro. You headbutt Voro, but do no damage.
Voro is moderately wounded.
Voro trunk-slaps you. Voro corrodes you!
As you read the scroll of teleportation, it crumbles to dust.
You feel strangely unstable.
You feel the Orb delaying your translocation!
You carefully extract the barbed spikes from your body.
Voro trunk-slaps you!! Voro corrodes you! The red devil completely misses you.
Voro trunk-slaps you!!! Voro corrodes you! Voro attacks as you move away!
Voro trunk-slaps you!!
* * * LOW HITPOINT WARNING * * *
Voro corrodes you!
The red devil hits you from afar with a +0 trident!
* * * LOW HITPOINT WARNING * * *
Barbed spikes become lodged in your body.
Blink to where?
Press: ? - help, Dir - move target
As you read the scroll of blinking, it crumbles to dust.
You feel yourself speed up. Voro gestures at you.
Voro blinks!
Aiming: Dig
Press: ? - help, Shift-Dir - straight line This square is covered in magical glow.
The rock shatters into small pieces.
Voro gestures at you.
Voro blinks!
Blink to where?
Press: ? - help, Dir - move target
As you read the scroll of blinking, it crumbles to dust.
The barbs in your skin will harm you if you move.
Continue?
The barbed spikes dig painfully into your body as you move.
* * * LOW HITPOINT WARNING * * *
You fly upwards.
There is a stone staircase leading down here.
Your system partially rejects the healing.
You feel much better.
You carefully extract the barbed spikes from your body.
Your system partially rejects the healing.
You feel much better.
Unknown command.
Your system partially rejects the healing.
You feel much better.
Your surroundings suddenly seem different.
(D) Dungeon (T) Temple (L) Lair (S) Swamp (N) Spider Nest (M) Slime Pits (O) Orcish Mines (E) Elven Halls (V) Vaults (C) Crypt (W) Tomb (U) Depths (H) Hell (Z) Zot
Where to? (Enter - D:13 @ (x,y), ? - help)
There is an open door, spattered with blood here.
A cherub comes into view. It is wielding a +0 flail of flaming.
The cherub's eagle head screeches!
There is an open door here.
The cherub unwields a +0 flail of flaming.
It stops flaming.
The cherub wields a +0 longbow.
The cherub shoots an arrow.
The arrow completely misses you.
There is an open door here.
There is a stone staircase leading up, spattered with blood here.
You fly upwards.
There is a stone staircase leading down, spattered with blood here.
You can't go up here!
You see here a +1 flail of draining.
Your extra speed is starting to run out.
You feel a little less mighty now.
You feel yourself slow down.
There is a stone staircase leading up here.
You fly upwards.
There is a stone staircase leading down here.
You are no longer corroded.
There is an open door here.
HP restored.
A sixfirhy comes into view.
The sixfirhy hits you but does no damage.
The sixfirhy barely misses you.
You slice the sixfirhy!! You freeze the sixfirhy!
The sixfirhy is almost dead.
The sixfirhy completely misses you. You furiously retaliate!
You headbutt the sixfirhy. The sixfirhy barely misses you.
The sixfirhy misses you.
You slice the sixfirhy!! You freeze the sixfirhy.
You kill the sixfirhy!
No target in view!
(D) Dungeon (T) Temple (L) Lair (S) Swamp (N) Spider Nest (M) Slime Pits (O) Orcish Mines (E) Elven Halls (V) Vaults (C) Crypt (W) Tomb (U) Depths (H) Hell (Z) Zot
Where to? (Enter - D:11 @ (x,y), ? - help)
Okay, then.
Unknown command.
(D) Dungeon (T) Temple (L) Lair (S) Swamp (N) Spider Nest (M) Slime Pits (O) Orcish Mines (E) Elven Halls (V) Vaults (C) Crypt (W) Tomb (U) Depths (H) Hell (Z) Zot
Where to? (Enter - D:11 @ (x,y), ? - help)
You reach down and open the door.
There is an open door here.
There is a stone staircase leading up here.
You fly upwards.
There is a stone staircase leading down here.
(D) Dungeon (T) Temple (L) Lair (S) Swamp (N) Spider Nest (M) Slime Pits (O) Orcish Mines (E) Elven Halls (V) Vaults (C) Crypt (W) Tomb (U) Depths (H) Hell (Z) Zot
Where to? (Enter - D:10, ? - help)
There is a stone staircase leading up here.
You fly upwards.
There is a stone staircase leading down here.
(D) Dungeon (T) Temple (L) Lair (S) Swamp (N) Spider Nest (M) Slime Pits (O) Orcish Mines (E) Elven Halls (V) Vaults (C) Crypt (W) Tomb (U) Depths (H) Hell (Z) Zot
Where to? (Enter - D:9, ? - help)
(D) Dungeon (T) Temple (L) Lair (S) Swamp (N) Spider Nest (M) Slime Pits (O) Orcish Mines (E) Elven Halls (V) Vaults (C) Crypt (W) Tomb (U) Depths (H) Hell (Z) Zot
Where to? (Enter - D:8, ? - help)
A manticore is nearby!
The manticore barely misses you. The manticore misses you.
The manticore closely misses you.
You slash the manticore! You freeze the manticore. You headbutt the manticore!
The manticore is severely wounded.
The manticore bites you but does no damage.
The manticore closely misses you. The manticore completely misses you.
You slice the manticore!! You freeze the manticore.
You kill the manticore!
No target in view!
(D) Dungeon (T) Temple (L) Lair (S) Swamp (N) Spider Nest (M) Slime Pits (O) Orcish Mines (E) Elven Halls (V) Vaults (C) Crypt (W) Tomb (U) Depths (H) Hell (Z) Zot
Where to? (Enter - D:8, ? - help)
A ynoxinul comes into view.
The ynoxinul bellows!
You see here a +0 short sword.
You hit the ynoxinul. You headbutt the ynoxinul!
The ynoxinul is heavily wounded.
You slice the ynoxinul like a ripe choko!!!
You freeze the ynoxinul.
You kill the ynoxinul!
No target in view!
There is a stone staircase leading up here.
You fly upwards.
There is a stone staircase leading down here.
(D) Dungeon (T) Temple (L) Lair (S) Swamp (N) Spider Nest (M) Slime Pits (O) Orcish Mines (E) Elven Halls (V) Vaults (C) Crypt (W) Tomb (U) Depths (H) Hell (Z) Zot
Where to? (Enter - D:8, ? - help)
Items here: ))) [[.
A Hell Sentinel comes into view.
The Hell Sentinel roars!
You yell at the hellwing! 3 hellwings come into view.
You feel yourself speed up.
The hellwing gives a chilling moan. x2
The Hell Sentinel gestures at you.
The sphere of damnation explodes!
The damnation engulfs you!!! The Hell Sentinel gestures at you.
The sphere of damnation explodes!
The damnation engulfs you!! The Hell Sentinel gestures at you.
The sphere of damnation explodes!
The damnation engulfs you!!
There is a stone staircase leading up here.
You fly upwards.
There is a stone staircase leading down here.
There is a stone staircase leading up here.
You fly upwards.
There is a stone staircase leading down here.
There is a stone staircase leading up here.
You fly upwards.
Level annotation: 1 runed translucent door, hgbash's ghost, novice GrEE
There is a stone staircase leading down here.
Your extra speed is starting to run out.
There is a stone staircase leading up here.
You fly upwards.
There is a stone staircase leading down here.
You feel yourself slow down.
HP restored.
Bokh comes into view.
You yell at Bokh!
Bokh skitters, "Surrender, thou grime-gilt ill-nurtured toady!"
You hear a roar!
You can't go up here!
Press: ? - help, v - describe, . - travel
Here: Bokh The floor.
Unknown command.
Unknown command.
Unknown command.
There is a stone staircase leading up here.
You fly upwards.
There is a stone staircase leading down here.
There is an escape hatch in the ceiling here.
A mysterious force pulls you upwards. The hatch slams shut behind you.
There is an open door here.
An Orb Guardian comes into view.
A large abomination comes into view.
The large abomination moves out of view.
You slice the Orb Guardian!! You freeze the Orb Guardian.
The Orb Guardian is moderately wounded.
The Orb Guardian hits you but does no damage.
You closely miss the Orb Guardian.
The Orb Guardian is moderately wounded.
The Orb Guardian closely misses you. You furiously retaliate!
You headbutt the Orb Guardian. You barely miss the Orb Guardian.
You headbutt the Orb Guardian, but do no damage.
The Orb Guardian is moderately wounded.
The Orb Guardian misses you. You furiously retaliate!
You headbutt the Orb Guardian. You slice the Orb Guardian!!
You freeze the Orb Guardian! Your headbutt misses the Orb Guardian.
The Orb Guardian is almost dead.
The Orb Guardian completely misses you.
You closely miss the Orb Guardian.
You headbutt the Orb Guardian, but do no damage.
The Orb Guardian is almost dead.
The Orb Guardian hits you but does no damage.
You chop the Orb Guardian into pieces!!!
You freeze the Orb Guardian.
You kill the Orb Guardian!
You slash the large abomination! You freeze the large abomination.
The large abomination is heavily damaged.
You slice the large abomination!! You freeze the large abomination!
You destroy the large abomination!
No target in view!
No target in view!
(D) Dungeon (T) Temple (L) Lair (S) Swamp (N) Spider Nest (M) Slime Pits (O) Orcish Mines (E) Elven Halls (V) Vaults (C) Crypt (W) Tomb (U) Depths (H) Hell (Z) Zot
Where to? (Enter - D:2 @ (x,y), ? - help)
There is a stone staircase leading up here.
This spell is impossible to cast!
Memorise Lee's Rapid Deconstruction, consuming 5 spell levels and leaving 23?
Okay, then.
Unknown command.
You fly upwards.
There is a stone staircase leading down here.
There is an open door here.
There is a staircase leading out of the dungeon here.
You have escaped!

##..#..## #..............#.#.
#.....>.#########.#######.#...
#.................#.........#.
####.......#####'#####.#####.#.#.
#..........#.........#.#...#.#.##
#..........#.........#.#.#.#.#...
#.....###.##..⌠...⌠..#.#.#.#.#...
####### #.##.........#.#.#.#.#...
#..'....@....+.#.....#...
####.........#.###.###..)
#..⌠...⌠..#...........
#.........#####.##....
#.........# #.......
#####'###########..... #.#
#............. #.###.###.........
#..##'###.........


There were no monsters in sight!

Vanquished Creatures
  5 dread liches
  2 ancient liches
  2 orbs of fire (Zot:5)
  Mara (Swamp:4)
  Boris (twice) (Vaults:3 Depths:1)
  2 juggernauts (Depths:4)
  Bai Suzhen (Crypt:2)
  Sojobo (Vaults:5)
  2 shard shrikes (Depths:2)
  3 Killer Klowns (Zot:5)
  2 pandemonium lords
  4 caustic shrikes (Depths:4)
  4 curse toes
  13 golden dragons
  Jory (Crypt:3)
  Nikola (Vaults:3)
  3 bone dragons
  2 doom hounds (Depths:2)
  2 electric golems (Zot:5)
  2 Tzitzimimeh (Depths:2)
  Jorgrun (Spider:1)
  2 Ice Fiends
  16 tentacled monstrosities
  3 liches
  2 titans (Vaults:5)
  27 Orb Guardians
  Grunn (Depths:2)
  6 deep elf master archers
  2 deep elf blademasters (Elf:3)
  7 quicksilver dragons
  2 Executioners
  Frances (Swamp:2)
  6 death cobs
  7 shadow dragons
  4 ancient champions
  4 thorn hunters
  8 sphinxes
  14 storm dragons
  6 draconian monks
  10 tengu reavers
  Roxanne (Spider:1)
  3 revenants (Crypt:3)
  4 fire giants
  6 fenstrider witches
  A frost giant (shapeshifter) (Vaults:5)
  7 frost giants
  An imperial myrmidon (Desolation)
  5 draconian knights
  7 deep elf sorcerers
  20 vault wardens
  Louise (Depths:1)
  8 ghost moths
  6 ghouls (Crypt:3)
  Aizul (Spider:1)
  5 draconian scorchers
  11 draconian shifters
  3 curse skulls (Crypt:2)
  7 emperor scorpions
  3 draconian stormcallers
  2 draconian annihilators
  A caustic shrike zombie (Crypt:3)
  2 orc warlords
  5 deep elf elementalists (Elf:3)
  3 war gargoyles
  23 ironbound preservers
  12 stone giants
  A broodmother (Spider:1)
  28 vampire knights
  14 very ugly things
  8 ironbound thunderhulks
  12 green draconians
  5 deep elf demonologists
  5 eleionomae
  Azrael (D:14)
  13 deep elf annihilators
  13 purple draconians
  A spark wasp (shapeshifter) (Vaults:5)
  4 bunyips
  13 yellow draconians
  A lorocyproca (Zot:1)
  16 white draconians
  11 black draconians
  A halazid warlock (Desolation)
  18 dire elephants
  15 red draconians
  Snorg (D:14)
  4 spark wasps
  3 eidola
  A quicksilver dragon zombie (Crypt:3)
  11 deep elf death magi
  5 crystal guardians (Desolation)
  5 shambling mangroves
  9 fire dragons
  12 ettins
  15 jiangshi
  10 yaktaur captains
  8 entropy weavers
  7 great orbs of eyes
  9 ragged hierophants (Desolation)
  3 rakshasas
  A spriggan zombie (Crypt:3)
  6 deep elf high priests
  17 hydras
  44 vault guards
  12 ice dragons
  Harold (D:11)
  3 servants of whispers (Desolation)
  A jorogumo (Spider:4)
  A ghost crab (Swamp:4)
  3 ogre magi
  10 peacekeepers
  An Orb Guardian zombie (Crypt:2)
  A catoblepas (D:13)
  A demonspawn (Orc:2)
  6 death knights
  10 centaur warriors
  4 boulder beetles
  14 ironbound frosthearts
  A spriggan air mage (Depths:4)
  3 alligators
  20 dancing weapons
  4 radroaches (Spider:1)
  3 death yaks (D:10)
  9 two-headed ogres
  5 deep troll shamans
  3 satyrs (WizLab)
  5 deep troll earth magi
  14 vampire magi
  A bennu skeleton (Crypt:2)
  2 naga sharpshooters (WizLab)
  8 tengu warriors
  4 thrashing horrors (Lair:5)
  10 orc high priests
  6 soul eaters
  4 spriggan berserkers
  A titan skeleton (Crypt:3)
  12 hell knights
  3 shadow wraiths
  4 sun demons (Depths:1)
  13 deep elf knights
  9 iron trolls
  A sixfirhy (D:11)
  Lodul (D:14)
  8 pharaoh ants
  4 steelbarb worms
  A spark wasp zombie (Crypt:2)
  2 anaconda zombies
  5 flayed ghosts
  A sea snake (shapeshifter) (D:14)
  A fire crab (shapeshifter) (D:14)
  4 spriggan druids
  55 skeletal warriors
  A bunyip skeleton (Crypt:1)
  7 orb spiders
  2 spriggan simulacra
  48 deep trolls
  9 lindwurms
  20 deep elf archers
  3 bog bodies
  21 ironbound convokers
  2 lindwurms (shapeshifter)
  11 orc knights
  A shadow dragon zombie (Crypt:3)
  2 glowing orange brains (Depths:4)
  25 deep elf pyromancers
  8 wizards
  3 harpies (Vaults:1)
  16 deep elf zephyrmancers
  A broodmother zombie (Crypt:1)
  8 swamp dragons
  32 phantasmal warriors
  3 cyclopes
  A fire giant zombie (Vaults:3)
  6 necromancers
  4 manticores
  51 ugly things
  27 wolf spiders
  3 oklob plants (WizLab)
  A manticore (shapeshifter) (D:14)
  2 fauns (WizLab)
  A salamander (D:15)
  9 orc sorcerers
  An eleionoma skeleton (Crypt:2)
  29 moths of wrath
  4 will-o-the-wisps
  A shining eye (shapeshifter) (Depths:1)
  An iron dragon skeleton (Crypt:1)
  A stone giant skeleton (Crypt:1)
  2 black mambas
  2 naga zombies
  A toenail golem (Depths:1)
  3 dire elephant zombies (Crypt:3)
  2 guardian serpents (Desolation)
  2 rust devils
  A black draconian zombie (Crypt:1)
  24 vault sentinels
  A gargoyle (D:14)
  4 torpor snails
  A shock serpent skeleton (Crypt:3)
  8 smoke demons
  12 cane toads
  A kobold demonologist (D:13)
  5 unseen horrors
  An unseen horror (shapeshifter) (Elf:3)
  A komodo dragon (shapeshifter) (D:13)
  6 rime drakes
  A yaktaur (shapeshifter) (D:14)
  2 efreet
  41 yaktaurs
  10 demonic crawlers
  4 harpy zombies
  6 freezing wraiths
  10 komodo dragons
  An ice devil (Depths:1)
  2 tengu conjurers (Depths:4)
  5 hellwings
  An ancient zyme (Lair:5)
  A hydra zombie (Crypt:1)
  A pale draconian skeleton (Crypt:2)
  A polar bear (shapeshifter) (Lair:5)
  6 red devils
  8 meliai
  5 trolls
  28 tarantellas
  32 slime creatures
  22 hornets
  13 tyrant leeches
  44 saltlings (Desolation)
  10 blink frogs (Lair:5)
  5 dream sheep
  An ettin zombie (Crypt:3)
  A black mamba zombie (Crypt:3)
  22 jumping spiders
  19 culicivoras
  An air elemental (Elf:3)
  15 spriggans
  A vampire (D:12)
  Sigmund (D:2)
  2 shadows (D:11)
  A yak (shapeshifter) (D:13)
  A wind drake zombie (Crypt:2)
  3 ynoxinuls
  7 flying skulls
  6 water elementals
  5 fire elementals
  11 wraiths
  11 wyverns
  Eustachio (D:6)
  40 yaks
  A fire bat (shapeshifter) (D:14)
  8 large abominations
  7 chaos spawn
  6 basilisks (Lair:5)
  60 redbacks
  A neqoxec (Zot:4)
  A human simulacrum (Vaults:3)
  15 vampire mosquitoes
  3 steam dragons
  An ogre zombie (Vaults:3)
  4 wargs
  17 swamp worms
  3 hell hounds (D:14)
  A cane toad zombie (Crypt:2)
  An acid dragon (D:12)
  A deep troll skeleton (Crypt:3)
  A faun zombie (Crypt:1)
  A faun skeleton (Crypt:3)
  A floating eye (Depths:3)
  11 water moccasins
  7 swamp drakes
  30 orc warriors
  3 black bears
  A dream sheep zombie (Crypt:3)
  An elephant zombie (Crypt:2)
  A swamp dragon skeleton (Crypt:3)
  8 wolves (Lair:1)
  15 centaurs
  19 ogres
  A dream sheep skeleton (Crypt:1)
  A torpor snail zombie (Crypt:3)
  2 phantoms
  3 kobold brigands
  A komodo dragon skeleton (Crypt:1)
  A naga simulacrum (Crypt:3)
  2 necrophages (Crypt:3)
  A gnoll sergeant (D:9)
  10 bullfrogs
  2 earth elementals
  2 glowing shapeshifter simulacra (Depths:2)
  A demonspawn simulacrum (Crypt:3)
  6 scorpions
  12 wights
  15 small abominations
  10 killer bees
  A water moccasin skeleton (Crypt:3)
  A troll skeleton (Crypt:2)
  6 howler monkeys
  5 electric eels
  2 centaur zombies
  6 hounds
  29 orc priests
  A gnoll bouda (Orc:1)
  4 jellies
  5 iguanas
  A human skeleton (Crypt:1)
  13 hell rats
  16 orc wizards
  10 gnolls
  A steam dragon zombie (Crypt:1)
  7 adders
  4 river rats (D:10)
  A shadow imp (D:14)
  A white imp (D:6)
  3 ufetubi
  A worm zombie (Crypt:2)
  A worm (D:4)
  5 dart slugs
  70 orcs
  5 endoplasms
  4 giant cockroaches
  3 goblins
  9 hobgoblins
  5 jackals
  3 quokkas
  7 ball pythons
  A ball python skeleton (Crypt:1)
  8 bats
  2 frilled lizards
  18 kobolds
  A kobold skeleton (Crypt:3)
  A quokka skeleton (Crypt:3)
  A quokka zombie (Crypt:3)
  6 rats
2395 creatures vanquished.

Vanquished Creatures (collateral kills)
  the Lernaean hydra (Swamp:4)
  A swamp dragon (Swamp:4)
2 creatures vanquished.

Vanquished Creatures (others)
  A draconian knight (Zot:5)
  An eleionoma (Swamp:1)
  A red draconian (Depths:4)
  A black draconian (Zot:3)
  A deep elf knight (Elf:2)
  A deep troll (Vaults:3)
  A vault sentinel (Vaults:2)
  A meliai (Spider:4)
  5 bloated husks
  A tarantella (Spider:4)
  A culicivora (Spider:2)
  5 briar patches (Swamp:1)
  2 bushes (Lair:5)
  10 foxfires
  15 fungi
  32 plants
  6 withered plants (Depths:2)
85 creatures vanquished.

Grand Total: 2482 creatures vanquished

Notes
Turn   | Place    | Note
-------+----------+-------------------------------------------
     0 | D:1      | sleeves the Minotaur Cinder Acolyte began the quest for the
                  | Orb.
     0 | D:1      | Reached XP level 1. HP: 19/19 MP: 1/1
    29 | D:1      | Reached skill level 4 in Axes
    48 | D:1      | Reached XP level 2. HP: 21/26 MP: 2/2
   493 | D:1      | Reached skill level 5 in Axes
   512 | D:1      | Reached XP level 3. HP: 31/31 MP: 3/3
   823 | D:2      | Found Aneubb's One-of-a-Kind Rings.
   987 | D:2      | Noticed Sigmund
  1002 | D:2      | HP: 14/31 [something (4)]
  1007 | D:2      | HP: 3/31 [something (5)]
  1009 | D:2      | Killed Sigmund
  1010 | D:2      | Reached skill level 7 in Axes
  1010 | D:2      | Reached XP level 4. HP: 4/39 MP: 4/4
  1010 | D:2      | Reached XP level 5. HP: 5/45 MP: 5/5
  1837 | D:3      | Reached skill level 8 in Axes
  2179 | D:3      | Noticed a black bear
  2185 | D:3      | Killed a black bear
  2186 | D:3      | Reached XP level 6. HP: 51/51 MP: 6/6
  2562 | D:4      | Found a stormy altar of Qazlal.
  2584 | D:4      | Identified the +8 rapier of Equivalence {distort, +Blink}
  2639 | D:4      | Found Faeh's Distillery.
  2664 | D:4      | Bought a potion of curing for 30 gold pieces
  2664 | D:4      | Bought a potion of heal wounds for 50 gold pieces
  2687 | D:4      | Reached skill level 9 in Axes
  3020 | D:5      | Entered Level 5 of the Dungeon
  3201 | D:5      | Reached XP level 7. HP: 52/57 MP: 7/7
  3247 | D:5      | Reached skill level 10 in Axes
  4008 | D:5      | Found a runed translucent door.
  4011 | D:5      | Noticed hgbash's ghost (novice GrEE)
  4209 | D:6      | Reached skill level 11 in Axes
  4220 | D:6      | Reached XP level 8. HP: 46/64 MP: 8/8
  4288 | D:6      | Found a hide-covered altar of Uskayaw.
  4311 | D:6      | Reached skill level 12 in Axes
  4328 | D:6      | Noticed Eustachio
  4384 | D:6      | Killed Eustachio
  4396 | D:6      | Found Keileit's Magic Scroll Shop.
  4434 | D:6      | HP: 30/64 [centaur/arrow (6)]
  4441 | D:6      | HP: 30/64 [gnoll/+0 whip (1)]
  4450 | D:6      | Reached skill level 13 in Axes
  4501 | D:6      | Found Enemux's Antique Armour Boutique.
  4612 | D:6      | Found a staircase to the Ecumenical Temple.
  4614 | D:6      | Found Kalum's Jewellery Boutique.
  4651 | D:6      | Found Sony's Armour Boutique.
  4712 | D:6      | Reached skill level 14 in Axes
  4802 | D:6      | Found Woizibol's General Store.
  4857 | D:6      | Found an ornate altar of the Wu Jian Council.
  4992 | D:7      | Reached XP level 9. HP: 62/70 MP: 9/9
  4999 | D:7      | Identified the +11 flail of Rubbish {venom, rN+}
  5012 | D:7      | Found Reekhlepe's Weapon Shoppe.
  5024 | D:7      | HP: 35/70 [orc warrior/+0 hand axe (2)]
  5029 | D:7      | HP: 24/70 [poisoned by a water moccasin]
  5144 | D:7      | Reached skill level 15 in Axes
  5592 | D:8      | Found a sacrificial altar of Ru.
  5597 | D:8      | Found Jymesho's Book Emporium.
  5608 | D:8      | Found a hazy altar of Hepliaklqana.
  5611 | D:8      | Found an iron altar of Okawaru.
  5634 | D:8      | Reached skill level 16 in Axes
  5639 | D:8      | Reached skill level 1 in Throwing
  5639 | D:8      | Reached skill level 1 in Armour
  5639 | D:8      | Reached skill level 1 in Dodging
  5773 | D:8      | Found Moym's Magic Scroll Emporium.
  5799 | D:8      | Found Dilusa Pori's Weapon Shop.
  5813 | D:8      | Reached skill level 2 in Armour
  6006 | D:8      | Reached skill level 2 in Dodging
  6027 | D:8      | Reached skill level 2 in Throwing
  6316 | D:6      | Bought 2 scrolls of identify for 44 gold pieces
  6397 | D:8      | Reached skill level 3 in Armour
  6401 | D:8      | Reached skill level 3 in Dodging
  6401 | D:8      | Reached XP level 10. HP: 71/77 MP: 10/10
  6521 | D:9      | Reached skill level 3 in Throwing
  6530 | D:9      | Reached skill level 4 in Armour
  6600 | D:9      | Reached skill level 4 in Dodging
  6674 | D:9      | Found a basalt altar of Yredelemnul.
  6723 | D:9      | Reached skill level 4 in Throwing
  6756 | D:9      | HP: 31/73 [wight/+2 trident (7)]
  6758 | D:9      | Reached skill level 5 in Armour
  7063 | D:9      | Noticed a deep elf pyromancer
  7064 | D:9      | Noticed a manticore
  7065 | D:9      | Noticed a deep elf pyromancer
  7065 | D:9      | Noticed a manticore
  7065 | D:9      | Noticed a boulder beetle
  7079 | D:9      | Killed a deep elf pyromancer
  7080 | D:9      | Reached skill level 5 in Dodging
  7114 | D:9      | HP: 34/77 [boulder beetle (14)]
  7122 | D:9      | HP: 14/77 [boulder beetle (28)]
  7123 | D:9      | Killed a boulder beetle
  7124 | D:9      | Reached skill level 5 in Throwing
  7124 | D:9      | Reached skill level 6 in Armour
  7248 | D:9      | Killed a deep elf pyromancer
  7249 | D:9      | Reached skill level 6 in Dodging
  7259 | D:10     | Entered Level 10 of the Dungeon
  7283 | D:10     | Reached skill level 7 in Armour
  7296 | D:10     | Reached XP level 11. HP: 57/82 MP: 11/11
  7298 | D:10     | Reached skill level 6 in Throwing
  7372 | D:10     | Found a staircase to the Orcish Mines.
  7381 | D:10     | Noticed a death yak
  7381 | D:10     | Noticed a death yak
  7386 | D:10     | Noticed a death yak
  7397 | D:10     | HP: 40/82 [hell rat (14)]
  7475 | D:9      | HP: 37/81 [manticore (8)]
  7618 | D:10     | Killed a death yak
  7619 | D:10     | Reached skill level 7 in Dodging
  7626 | D:10     | Killed a death yak
  7627 | D:10     | Reached skill level 8 in Armour
  7633 | D:10     | Killed a death yak
  7679 | D:10     | Found a staircase to the Lair.
  7728 | D:10     | Found a blossoming altar of Fedhas.
  7728 | D:10     | Found Lolu's Book Shoppe.
  7791 | D:10     | Reached skill level 7 in Throwing
  8154 | D:10     | Found a snail-covered altar of Cheibriados.
  8538 | D:11     | Noticed a two-headed ogre
  8546 | D:11     | Killed a two-headed ogre
  8547 | D:11     | Reached skill level 8 in Dodging
  8629 | D:11     | Noticed Harold
  8643 | D:11     | Killed Harold
  8644 | D:11     | Reached skill level 9 in Armour
  8952 | D:11     | Noticed Urug
  8957 | D:11     | Urug changed into something unseen
  8972 | D:11     | Killed Urug the unseen horror
  9010 | D:11     | Noticed a two-headed ogre
  9017 | D:11     | Killed a two-headed ogre
  9317 | D:12     | Reached skill level 8 in Throwing
  9558 | D:12     | Reached skill level 9 in Dodging
  9999 | D:13     | Noticed a two-headed ogre
 10010 | D:13     | Killed a two-headed ogre
 10011 | D:13     | Reached skill level 10 in Armour
 10011 | D:13     | Reached XP level 12. HP: 50/90 MP: 12/12
 10013 | D:13     | HP: 35/90 [smoke demon/divine providence[a kobold
                  | demonologist] (15)]
 10018 | D:13     | HP: 22/90 [kobold brigand/+0 dagger (2)]
 10189 | D:13     | Noticed an eight-headed hydra
 10347 | D:13     | Noticed a five-headed hydra
 10359 | D:13     | Killed a one-headed hydra
 10360 | D:13     | Reached skill level 9 in Throwing
 10360 | D:13     | Reached skill level 10 in Dodging
 10453 | D:13     | Noticed a catoblepas
 10473 | D:13     | Killed a catoblepas
 10662 | D:13     | Noticed a centaur warrior
 10665 | D:13     | HP: 44/90 [centaur/arrow[a centaur warrior] (8)]
 10669 | D:13     | HP: 21/90 [centaur warrior (6)]
 10670 | D:13     | Killed a centaur warrior
 10671 | D:13     | Reached skill level 10 in Throwing
 10674 | D:13     | HP: 18/90 [centaur[a centaur warrior] (4)]
 10679 | D:13     | HP: 15/90 [centaur[a centaur warrior] (2)]
 10764 | D:13     | HP: 41/90 [four-headed hydra (5)]
 10766 | D:13     | Killed a two-headed hydra
 11008 | D:13     | HP: 43/88 [skeletal warrior/+0 dire flail (17)]
 11014 | D:13     | HP: 24/88 [skeletal warrior/+0 dire flail (1)]
 11018 | D:13     | Reached skill level 11 in Throwing
 11109 | D:13     | HP: 38/90 [skeletal warrior/+0 hand axe (16)]
 11178 | D:13     | Noticed a boulder beetle
 11189 | D:13     | Killed a boulder beetle
 11286 | D:14     | Noticed a boulder beetle
 11303 | D:14     | Killed a boulder beetle
 11364 | D:14     | Reached skill level 12 in Throwing
 11382 | D:14     | HP: 44/90 [hell hound/blast of flame[Azrael] (6)]
 11387 | D:14     | HP: 39/90 [poisoned by a green ugly thing]
 11392 | D:13     | HP: 33/90 [poisoned by a green ugly thing]
 11453 | D:14     | Noticed an ettin
 11704 | D:14     | HP: 38/90 [large slime creature (33)]
 11876 | D:14     | HP: 40/90 [poisoned by a merfolk (dark miasma)]
 11878 | D:14     | a merfolk changed into an anaconda
 11878 | D:14     | Noticed an anaconda (glowing shapeshifter)
 11881 | D:14     | HP: 28/90 [poisoned by a merfolk (dark miasma)]
 11885 | D:14     | HP: 13/90 [anaconda (glowing shapeshifter) (4)]
 11999 | D:14     | Reached skill level 13 in Throwing
 11999 | D:14     | Reached XP level 13. HP: 63/95 MP: 13/13
 12163 | Lair:1   | Entered Level 1 of the Lair of Beasts
 12423 | Lair:1   | Found a basalt altar of Yredelemnul.
 12994 | Lair:2   | Reached skill level 14 in Throwing
 13216 | Lair:2   | HP: 47/95 [poisoned by a black mamba]
 13579 | Lair:2   | HP: 36/95 [swamp worm (16)]
 13585 | Lair:2   | HP: 33/95 [swamp worm/harpoon shot (8)]
 13590 | Lair:2   | HP: 27/95 [swamp worm (11)]
 13770 | Lair:2   | Found a staircase to the Swamp.
 14043 | Lair:3   | HP: 41/95 [three-headed hydra (13)]
 14377 | Lair:3   | Reached skill level 15 in Throwing
 14480 | Lair:3   | Found a hole to the Spider Nest.
 14971 | Lair:4   | You fall into a shaft and drop 1 floor!
 14971 | Lair:5   | Entered Level 5 of the Lair of Beasts
 15007 | Lair:5   | HP: 44/95 [yak (5)]
 15015 | Lair:5   | HP: 39/95 [yak (11)]
 15092 | Lair:5   | Reached skill level 16 in Throwing
 15098 | Lair:5   | Reached skill level 4 in Fighting
 15342 | Lair:4   | Reached skill level 5 in Fighting
 15372 | Lair:4   | Found a shimmering altar of Xom.
 15705 | Lair:4   | Found a staircase to the Slime Pits.
 15705 | Lair:4   | Found a viscous altar of Jiyva.
 15751 | Lair:4   | Reached skill level 6 in Fighting
 16055 | Lair:5   | Reached skill level 7 in Fighting
 16060 | Lair:5   | Reached XP level 14. HP: 70/113 MP: 14/14
 16087 | Lair:5   | HP: 46/111 [rime drake/flash freeze (24)]
 16093 | Lair:5   | HP: 48/111 [wyvern (4)]
 16109 | Lair:5   | Reached skill level 8 in Fighting
 16109 | Lair:5   | HP: 53/115 [wyvern (3)]
 16290 | Lair:5   | Reached skill level 9 in Fighting
 16313 | Lair:5   | Identified the +3 leather armour of the Comet {rElec Will+}
 16315 | Lair:5   | Identified the +11 long sword of Sulphur {drain, Will++}
 16482 | Lair:5   | Identified a scroll of acquirement
 16487 | Lair:5   | Acquired a +2 executioner's axe of freezing
 16498 | Lair:5   | Reached skill level 10 in Fighting
 16556 | Lair:5   | HP: 40/121 [ynoxinul/iron shot (30)]
 17127 | Lair:5   | Found a corrupted altar of Lugonu.
 17127 | Lair:5   | Found a one-way gate to the infinite horrors of the Abyss.
 17131 | Lair:5   | Identified the +7 dire flail of Doom {vorpal, rN+}
 17883 | D:14     | HP: 59/122 [rakshasa (illusionary)/+0 trident (16)]
 17884 | D:14     | HP: 11/122 [yaktaur captain/bolt (35)]
 18093 | D:13     | Reached skill level 11 in Fighting
 18135 | D:13     | HP: 53/124 [rakshasa/lance of force (38)]
 18258 | D:14     | HP: 47/124 [yaktaur captain/+2 vorpal falchion (24)]
 18263 | D:14     | HP: 56/124 [yaktaur captain/+2 vorpal falchion (1)]
 18268 | D:14     | HP: 45/186 [ettin/+0 dire flail (9)]
 18369 | D:14     | Noticed Snorg
 18379 | D:14     | Killed Snorg
 18522 | Orc:1    | Entered Level 1 of the Orcish Mines
 18541 | Orc:1    | Gained mutation: You are clumsy. (Dex -2) [a neqoxec]
 18555 | Orc:1    | Reached skill level 17 in Axes
 18564 | Orc:1    | HP: 61/125 [sixfirhy[an orc high priest] (12)]
 18569 | Orc:1    | HP: 35/125 [sixfirhy[an orc high priest] (2)]
 18570 | Orc:1    | HP: 7/125 [sixfirhy[an orc high priest] (11)]
 18575 | Orc:1    | HP: 11/125 [warg[an orc high priest] (10)]
 18590 | D:10     | HP: 25/125 [something (1)]
 18832 | Orc:1    | HP: 62/125 [orc knight/+2 battleaxe (11)]
 18842 | Orc:1    | HP: 52/125 [orc priest/divine providence[an orc knight]
                  | (16)]
 18923 | Orc:1    | Reached skill level 12 in Fighting
 18925 | Orc:1    | HP: 60/126 [poisoned by an orc wizard]
 18930 | Orc:1    | HP: 45/126 [poisoned by an orc wizard]
 18935 | Orc:1    | HP: 44/126 [poisoned by an orc wizard]
 19158 | Orc:1    | Found Biasinop's Assorted Antiques.
 19167 | Orc:1    | Bought a scroll of fear for 116 gold pieces
 19223 | Orc:2    | Entered Level 2 of the Orcish Mines
 19416 | Orc:2    | Found Buanid's General Store.
 19425 | Orc:2    | Found Vayng's General Store.
 19485 | Orc:2    | Gained mutation: You are very clumsy. (Dex -4) [a neqoxec]
 19870 | Orc:2    | HP: 59/119 [orc knight/+0 great sword (7)]
 19980 | Orc:2    | Found a staircase to the Elven Halls.
 20217 | Orc:2    | Reached skill level 18 in Axes
 20351 | Orc:2    | Reached XP level 15. HP: 121/123 MP: 15/15
 20379 | Orc:2    | Paralysed by an orc sorcerer for 5 turns
 20386 | Orc:2    | HP: 63/127 [soul eater[an orc high priest] (14)]
 20388 | Orc:2    | HP: 23/130 [soul eater[an orc high priest] (15)]
 20591 | Orc:2    | Found Zegg's Book Emporium.
 20591 | Orc:2    | Found Iphidorch's Antique Armour Shoppe.
 20592 | Orc:2    | Found a one-way gate leading to the halls of Pandemonium.
 20930 | D:2      | Bought the ring "Paodd" {rElec rC+ rN+++ Str+7 Int-5} for
                  | 765 gold pieces
 21114 | D:6      | Bought a +1 cloak of preservation for 231 gold pieces
 21172 | D:6      | Bought a scroll of enchant weapon for 82 gold pieces
 21245 | D:8      | Bought a scroll of enchant weapon for 105 gold pieces
 21315 | D:6      | Bought a scroll of brand weapon for 104 gold pieces
 21315 | D:6      | Bought a scroll of teleportation for 33 gold pieces
 21384 | D:8      | Bought a scroll of teleportation for 42 gold pieces
 21509 | Spider:1 | Entered Level 1 of the Spider Nest
 21516 | Spider:1 | Reached skill level 19 in Axes
 21586 | Spider:1 | Identified Roxanne's Incunabulum of the Caves
 21586 | Spider:1 | Noticed Roxanne
 21591 | Spider:1 | HP: 66/132 [Roxanne/iron shot (66)]
 21656 | Spider:1 | Noticed Jorgrun
 21664 | Spider:1 | Killed Jorgrun
 21709 | Spider:1 | HP: 38/132 [Roxanne/crystal spear (47)]
 21712 | Spider:1 | Killed Roxanne
 21910 | Spider:1 | HP: 54/132 [broodmother (27)]
 22507 | Swamp:1  | Entered Level 1 of the Swamp
 22545 | Swamp:1  | Reached skill level 20 in Axes
 22646 | Swamp:1  | Paralysed by a hornet for 3 turns
 22652 | Swamp:1  | HP: 66/132 [poisoned by a hornet]
 22770 | Swamp:1  | Noticed a thorn hunter
 22800 | Swamp:1  | Killed a thorn hunter
 23502 | Swamp:2  | Noticed a thorn hunter
 23510 | Swamp:2  | Killed a thorn hunter
 23592 | Swamp:2  | Reached skill level 21 in Axes
 23602 | Swamp:2  | HP: 64/132 [spriggan rider/+0 spear (13)]
 23607 | Swamp:2  | HP: 45/132 [spriggan/+0 spear (7)]
 23801 | Swamp:2  | Noticed Frances
 23820 | Swamp:2  | Killed Frances
 23821 | Swamp:2  | HP: 66/132 [tyrant leech (18)]
 24355 | Swamp:3  | HP: 57/132 [spriggan rider/+0 spear (16)]
 24457 | Swamp:3  | HP: 60/132 [spriggan rider/+0 spear (17)]
 24462 | Swamp:3  | HP: 52/132 [poisoned by a spriggan rider (curare-tipped
                  | dart)]
 24463 | Swamp:3  | HP: 25/132 [spriggan rider/+0 spear (1)]
 24585 | Swamp:3  | Reached skill level 22 in Axes
 24599 | Swamp:3  | HP: 65/132 [spriggan rider/+0 spear (7)]
 24604 | Swamp:3  | HP: 49/132 [spriggan rider/+0 spear (3)]
 24717 | Swamp:3  | Reached XP level 16. HP: 127/139 MP: 16/16
 24925 | Swamp:3  | HP: 62/139 [spriggan rider/+0 spear (13)]
 24931 | Swamp:3  | HP: 48/139 [hornet (10)]
 24936 | Swamp:3  | HP: 44/139 [poisoned by a hornet]
 25435 | Spider:2 | Noticed Aizul
 25453 | Spider:1 | Killed Aizul
 25606 | Spider:1 | Reached skill level 23 in Axes
 25808 | Spider:1 | HP: 60/139 [culicivora (12)]
 25907 | Spider:1 | HP: 67/139 [demonic crawler[a torpor snail] (8)]
 25913 | Spider:1 | HP: 52/139 [radroach (9)]
 26111 | Spider:1 | HP: 62/139 [entropy weaver (9)]
 26219 | Spider:1 | HP: 63/139 [steelbarb worm (15)]
 26227 | Spider:1 | HP: 23/139 [radroach (17)]
 26330 | Spider:2 | HP: 62/139 [something (11)]
 26333 | Spider:1 | HP: 28/139 [something (12)]
 26333 | Spider:1 | HP: 10/139 [radroach (18)]
 26338 | Spider:1 | HP: 19/139 [something (6)]
 26474 | Spider:1 | HP: 67/139 [radroach (39)]
 26689 | Spider:1 | Reached skill level 24 in Axes
 27028 | Spider:2 | Identified the +2 whip of Immuzig {elec, rPois rF+++ Str-5
                  | Int+3}
 27433 | Spider:3 | Reached skill level 11 in Armour
 27512 | Spider:3 | Reached skill level 11 in Dodging
 27601 | Spider:3 | Found a runed translucent gate.
 27601 | Spider:3 | Found a runed translucent gate.
 27601 | Spider:3 | Found a runed translucent gate.
 27601 | Spider:3 | Noticed Lahaam's ghost (adept MiBe)
 28037 | Spider:4 | Entered Level 4 of the Spider Nest
 28110 | Spider:4 | HP: 58/139 [disintegration (54)]
 28489 | Spider:4 | HP: 69/139 [wolf spider simulacrum (5)]
 28494 | Spider:4 | HP: 48/139 [redback (5)]
 28598 | Spider:4 | Reached skill level 12 in Armour
 28702 | Spider:4 | HP: 66/139 [entropy weaver (11)]
 28713 | Spider:4 | HP: 62/139 [redback (1)]
 28718 | Spider:3 | HP: 38/139 [poisoned by a redback]
 28723 | Spider:3 | HP: 35/139 [poisoned by a redback]
 28728 | Spider:3 | HP: 36/139 [poisoned by a redback]
 28818 | Spider:3 | HP: 66/139 [poisoned by a wolf spider]
 28823 | Spider:3 | HP: 41/139 [poisoned by a wolf spider]
 28828 | Spider:3 | HP: 37/139 [poisoned by a wolf spider]
 28833 | Spider:3 | HP: 39/139 [poisoned by a wolf spider]
 28920 | Spider:4 | Reached XP level 17. HP: 143/146 MP: 17/17
 28958 | Spider:4 | Reached skill level 12 in Dodging
 29469 | Spider:4 | Reached skill level 13 in Armour
 29823 | Spider:4 | Reached skill level 13 in Dodging
 29991 | Spider:4 | Got a gossamer rune of Zot
 30319 | Swamp:4  | Entered Level 4 of the Swamp
 30760 | Swamp:4  | Paralysed by a fenstrider witch for 5 turns
 30885 | Swamp:4  | Noticed Mara
 31154 | D:14     | Noticed Azrael
 31166 | D:14     | Reached skill level 14 in Armour
 31178 | D:14     | Killed Azrael
 31582 | D:14     | Noticed Lodul
 31592 | D:14     | Killed Lodul
 31698 | D:14     | Reached skill level 14 in Dodging
 31711 | D:14     | Found a gate to the Vaults.
 32065 | D:14     | Gained mutation: Your body sometimes deteriorates upon
                  | taking damage. [a shining eye]
 32070 | D:14     | Lost mutation: You are very clumsy. (Dex -4) [potion of
                  | mutation]
 32070 | D:14     | Lost mutation: Your body sometimes deteriorates upon taking
                  | damage. [potion of mutation]
 32070 | D:14     | Gained mutation: You are somewhat resistant to further
                  | mutation. [potion of mutation]
 32107 | D:15     | Entered Level 15 of the Dungeon
 32344 | D:15     | Reached skill level 15 in Armour
 32409 | D:15     | Found a staircase to the Depths.
 32416 | D:15     | HP: 71/146 [dire elephant (7)]
 33332 | Swamp:4  | Noticed sleeves's illusion
 33335 | Swamp:4  | HP: 69/146 [Mara/bolt of fire (19)]
 33338 | Swamp:4  | Killed Mara
 33534 | Swamp:4  | Reached skill level 15 in Dodging
 33577 | Swamp:4  | Reached XP level 18. HP: 148/154 MP: 18/18
 33624 | Swamp:4  | HP: 72/154 [spriggan rider/+0 spear[a spriggan druid] (11)]
 33630 | Swamp:4  | HP: 38/154 [spriggan rider/+0 spear[a spriggan druid] (11)]
 33941 | Swamp:4  | Reached skill level 16 in Armour
 34051 | Swamp:4  | Noticed the 27-headed Lernaean hydra
 34055 | Swamp:4  | Killed the 27-headed Lernaean hydra
 34162 | Swamp:4  | Got a decaying rune of Zot
 34475 | Vaults:1 | Entered Level 1 of the Vaults
 34610 | Vaults:1 | Paralysed by a great orb of eyes for 5 turns
 34918 | Vaults:1 | Reached skill level 16 in Dodging
 35005 | Vaults:1 | Reached skill level 17 in Armour
 35211 | Vaults:1 | HP: 76/154 [dire elephant (16)]
 35220 | Vaults:1 | HP: 76/154 [dire elephant (11)]
 35225 | Vaults:1 | HP: 55/154 [dire elephant (21)]
 35237 | Vaults:1 | HP: 61/154 [yaktaur captain/bolt (7)]
 35685 | Vaults:1 | Paralysed by a sphinx for 3 turns
 36032 | Vaults:1 | HP: 73/154 [yaktaur captain (17)]
 36036 | Vaults:1 | Reached skill level 17 in Dodging
 36113 | Vaults:1 | Reached skill level 18 in Armour
 36204 | Vaults:1 | Found a runed translucent gate.
 36204 | Vaults:1 | Found a runed translucent gate.
 36205 | Vaults:1 | Found a runed translucent gate.
 36206 | Vaults:1 | Noticed Jesycrur's ghost (veteran OpEE)
 36574 | Vaults:2 | HP: 75/154 [yaktaur captain/bolt (29)]
 36575 | Vaults:2 | HP: 23/154 [yaktaur captain/bolt (28)]
 36764 | Vaults:2 | Reached XP level 19. HP: 157/160 MP: 19/19
 36782 | Vaults:2 | HP: 69/160 [ironbound frostheart/creeping frost (31)]
 36957 | Vaults:2 | HP: 69/160 [deep troll[an ironbound preserver] (13)]
 36959 | Vaults:2 | HP: 34/160 [deep troll[an ironbound preserver] (15)]
 37167 | Vaults:2 | Reached skill level 19 in Armour
 37173 | Vaults:2 | Reached skill level 18 in Dodging
 37771 | Vaults:2 | HP: 79/160 [vault warden/+0 dire flail (12)]
 38449 | D:6      | Bought a scarf of repulsion for 144 gold pieces
 39320 | Vaults:3 | Paralysed by a great orb of eyes for 3 turns
 39413 | Vaults:3 | Reached skill level 20 in Armour
 39421 | Vaults:3 | Reached skill level 19 in Dodging
 39443 | Vaults:3 | Noticed Nikola
 39454 | Vaults:3 | HP: 76/160 [Nikola/+3 rapier of electrocution (16)]
 39455 | Vaults:3 | Killed Nikola
 39472 | Vaults:3 | Found a crumbling gateway.
 39562 | Desolati | Entered the Desolation of Salt
 39703 | Desolati | Got the Catalogue of Enchantment
 39710 | Desolati | Identified the amulet "Campih" {Acrobat +Blink rC+ MP+9
                  | Int+3}
 39730 | Desolati | Got the Quarto of Clouds and the Pyromaniac
 39733 | Desolati | Got the Catalogue of Sculpting and Blasts
 40037 | Desolati | HP: 72/160 [peacekeeper (16)]
 40135 | Desolati | Identified the ring "Campiwk" {Drain rPois Will+ Int+6
                  | Dex-3}
 40139 | Desolati | Got Jonoulep's Omnibus of the Ensnaring Pyre
 40199 | Desolati | Reached skill level 20 in Dodging
 40245 | Desolati | HP: 80/160 [poisoned by a guardian serpent (bolt of
                  | poison)]
 40651 | Desolati | Reached XP level 20. HP: 132/170 MP: 20/20
 40664 | Desolati | HP: 48/170 [crystal guardian (39)]
 40715 | Desolati | Identified the ring of the Healing Enemy {Fly rElec rCorr
                  | MP+9}
 40725 | Desolati | Identified the ring of Iqunwe {rElec rF+ rC+}
 41038 | Vaults:3 | Reached skill level 13 in Fighting
 41141 | Vaults:3 | Found a staircase to the Crypt.
 41264 | Vaults:3 | Noticed Boris
 41360 | Vaults:3 | Killed Boris
 41593 | Vaults:3 | Reached skill level 17 in Throwing
 42058 | Vaults:4 | Reached skill level 14 in Fighting
 42737 | Vaults:4 | Reached skill level 15 in Fighting
 43193 | Vaults:4 | Reached skill level 18 in Throwing
 44068 | Crypt:1  | Entered Level 1 of the Crypt
 44161 | Crypt:1  | Reached skill level 16 in Fighting
 44339 | Crypt:1  | Reached XP level 21. HP: 112/189 MP: 21/21
 45058 | Crypt:2  | Noticed Bai Suzhen
 45083 | Crypt:2  | Killed Bai Suzhen
 45175 | Crypt:2  | Reached skill level 17 in Fighting
 45190 | Crypt:2  | HP: 78/191 [??? (40)]
 45195 | Crypt:2  | HP: 77/191 [phantasmal warrior[a vampire knight] (7)]
 45206 | Crypt:2  | HP: 82/191 [soul eater (8)]
 45358 | Crypt:2  | Reached skill level 19 in Throwing
 45460 | Crypt:2  | HP: 89/192 [skeletal warrior/+0 halberd[an ancient
                  | champion] (14)]
 45941 | Crypt:3  | Entered Level 3 of the Crypt
 45949 | Crypt:3  | Noticed a dread lich
 46043 | Crypt:2  | Paralysed by a dread lich for 2 turns
 46049 | Crypt:2  | Killed a dread lich
 46067 | Crypt:3  | Reached skill level 18 in Fighting
 46179 | Crypt:3  | HP: 87/194 [flayed ghost/flay_damage (27)]
 46462 | Crypt:3  | HP: 79/195 [??? (40)]
 46703 | Crypt:3  | Found a staircase to the Tomb.
 46980 | Crypt:3  | Noticed Jory
 46996 | Crypt:3  | Killed Jory
 46999 | Crypt:3  | Reached skill level 20 in Throwing
 47011 | Crypt:3  | HP: 93/196 [something (15)]
 47017 | Crypt:3  | HP: 56/196 [skeletal warrior/+0 glaive (3)]
 47020 | Crypt:3  | Reached skill level 19 in Fighting
 47454 | Crypt:3  | Reached XP level 22. HP: 128/209 MP: 22/22
 47454 | Crypt:3  | HP: 103/209 [vampire knight/+4 vampiric glaive (26)]
 47580 | Crypt:3  | Found an ancient bone altar of Kikubaaqudgha.
 47600 | Crypt:3  | Reached skill level 20 in Fighting
 47616 | Crypt:3  | Reached skill level 1 in Evocations
 47710 | Crypt:3  | Reached skill level 2 in Evocations
 47727 | Crypt:3  | HP: 98/209 [skeletal warrior/+0 halberd (18)]
 47732 | Crypt:3  | HP: 79/209 [skeletal warrior/+0 glaive (14)]
 47735 | Crypt:3  | Reached skill level 3 in Evocations
 48019 | Crypt:3  | Reached skill level 4 in Evocations
 48264 | Crypt:3  | Reached skill level 5 in Evocations
 48577 | Crypt:3  | Got Khufu's Quarto of the Undead
 49024 | Orc:2    | Bought a manual of Dodging for 1200 gold pieces
 49053 | Orc:2    | Bought a potion of heal wounds for 75 gold pieces
 49053 | Orc:2    | Bought a potion of cancellation for 120 gold pieces
 49080 | Elf:1    | Entered Level 1 of the Elven Halls
 49305 | Elf:1    | Reached skill level 6 in Evocations
 49377 | Elf:1    | Found a runed translucent door.
 49377 | Elf:1    | Found a shimmering altar of Xom.
 49377 | Elf:1    | Noticed chippings's ghost (journeyman HOMo)
 49377 | Elf:1    | Identified the +8 morningstar of Haogemi {chaos, rF+}
 49758 | Elf:1    | Acquired 1101 gold pieces
 49775 | Elf:1    | Reached skill level 7 in Evocations
 50202 | Elf:2    | Reached skill level 8 in Evocations
 50335 | Elf:2    | Found a runed translucent gate.
 50336 | Elf:2    | Found a runed translucent gate.
 50336 | Elf:2    | Found a runed translucent gate.
 50387 | Elf:2    | Reached skill level 9 in Evocations
 50773 | Elf:3    | Entered Level 3 of the Elven Halls
 51099 | Elf:3    | Paralysed by an air elemental for 1 turns
 51105 | Elf:3    | Reached skill level 10 in Evocations
 51106 | Elf:3    | Paralysed by an air elemental for 1 turns
 51563 | Elf:3    | Identified the +6 ring mail of the Gastropod {MP+9 Dex+3}
 51592 | Elf:3    | Reached skill level 11 in Evocations
 51841 | Elf:3    | HP: 104/209 [deep elf master archer/arrow (7)]
 51844 | Elf:3    | HP: 51/209 [deep elf master archer/arrow (22)]
 52023 | Elf:3    | HP: 102/209 [Brimstone Fiend[a deep elf demonologist] (4)]
 52167 | Elf:3    | Reached skill level 12 in Evocations
 52171 | Elf:3    | HP: 101/209 [green death/blast of poison[a deep elf
                  | demonologist] (4)]
 52176 | Elf:3    | HP: 54/209 [poisoned by a green death (blast of poison)]
 52315 | Elf:3    | Reached XP level 23. HP: 215/215 MP: 23/23
 52407 | Elf:3    | Identified the +5 longbow of the Shrinking Coward {freeze,
                  | Will+}
 52469 | Elf:3    | Identified the +8 war axe of Piejouss {drain, rPois Str+2}
 52535 | Elf:3    | Identified the +0 cloak "Damyal" {Str+3 Dex+4 Slay-4}
 52869 | Depths:1 | Entered Level 1 of the Depths
 53048 | Depths:1 | Noticed Louise
 53053 | Depths:1 | Killed Louise
 53063 | Depths:1 | Found Waod's Mass Market.
 53089 | Depths:1 | Found a magical portal.
 53115 | WizLab   | Entered Eringya's Formal Garden
 53219 | WizLab   | Reached skill level 13 in Evocations
 53660 | WizLab   | Found a blossoming altar of Fedhas.
 53816 | WizLab   | Reached skill level 14 in Evocations
 54008 | Depths:1 | Noticed Boris
 54032 | Depths:1 | Killed Boris
 54379 | Depths:1 | Found Herhoun's Jewellery Boutique.
 54380 | Depths:1 | Found Meudgh's Book Shoppe.
 54381 | Depths:1 | Found Eduoc's Jewellery Boutique.
 54765 | Depths:2 | HP: 87/215 [stone giant (26)]
 54902 | Depths:2 | Found a gateway to Hell.
 54960 | Depths:2 | Noticed a shard shrike
 54960 | Depths:2 | Noticed a shard shrike
 54977 | Depths:2 | Killed a shard shrike
 54978 | Depths:2 | Reached skill level 15 in Evocations
 54983 | Depths:2 | Killed a shard shrike
 55072 | Depths:2 | Found a runed translucent gate.
 55073 | Depths:2 | Found a runed translucent gate.
 55074 | Depths:2 | Found a runed translucent gate.
 55081 | Depths:2 | Noticed Foimof's ghost (adept FeVM)
 55081 | Depths:2 | Noticed Oleutuy's ghost (veteran SpVM)
 55081 | Depths:2 | Found the +7 lajatang of Order {silver, rMut}
 55380 | Depths:2 | Noticed Grunn
 55387 | Depths:2 | Killed Grunn
 55396 | Depths:2 | HP: 83/215 [???[a doom hound] (42)]
 55401 | Depths:2 | HP: 35/215 [Tzitzimitl[a doom hound] (16)]
 55570 | Depths:2 | HP: 82/215 [???[a doom hound] (42)]
 55576 | Depths:2 | HP: 61/215 [???[a doom hound] (30)]
 55582 | Depths:2 | Reached skill level 16 in Evocations
 55734 | Depths:2 | Found a shimmering blue altar of Sif Muna.
 56334 | Depths:3 | Found an ancient bone altar of Kikubaaqudgha.
 56458 | Depths:3 | HP: 94/215 [hell knight/+4 great sword (18)]
 56694 | Depths:3 | HP: 101/215 [iron troll (14)]
 56804 | Depths:3 | Reached skill level 17 in Evocations
 56845 | Depths:3 | You are sucked into a shaft and drop 1 floor!
 56845 | Depths:4 | Entered Level 4 of the Depths
 56855 | Depths:4 | Found a gate to the Realm of Zot.
 56997 | Depths:4 | Found a runed translucent door.
 56997 | Depths:4 | Found a runed translucent door.
 57026 | Depths:4 | Reached XP level 24. HP: 142/224 MP: 23/23
 57161 | Depths:4 | Found a runed translucent door.
 57161 | Depths:4 | Found a runed translucent door.
 57245 | Depths:4 | HP: 110/224 [green draconian/+0 flail (9)]
 57253 | Depths:4 | HP: 88/224 [green draconian/+0 battleaxe (4)]
 57258 | Depths:4 | HP: 93/224 [white draconian/+0 trident (1)]
 57446 | Depths:3 | Paralysed by a floating eye for 4 turns
 57460 | Depths:3 | Noticed a dread lich
 57472 | Depths:3 | Paralysed by something for 3 turns
 57477 | Depths:3 | HP: 112/224 [fenstrider witch (3)]
 57479 | Depths:3 | Reached skill level 18 in Evocations
 57480 | Depths:3 | Killed a dread lich
 57482 | Depths:3 | HP: 110/224 [poisoned by a fenstrider witch (toxic sludge)]
 57487 | Depths:3 | HP: 112/224 [poisoned by a fenstrider witch (toxic sludge)]
 58308 | Depths:4 | HP: 112/224 [acid (4)]
 58315 | Depths:4 | HP: 90/224 [caustic shrike (2)]
 58321 | Depths:4 | Reached skill level 19 in Evocations
 58468 | Depths:4 | Found a one-way gateway to a ziggurat.
 58503 | Depths:4 | Noticed a juggernaut
 58514 | Depths:4 | Killed a juggernaut
 58622 | Depths:4 | Paralysed by something for 4 turns
 58685 | Depths:4 | Noticed a juggernaut
 58693 | Depths:4 | Killed a juggernaut
 58985 | Depths:4 | Found a runed translucent door.
 58989 | Depths:4 | Found a runed translucent door.
 59727 | Vaults:5 | Entered Level 5 of the Vaults
 59739 | Vaults:4 | HP: 105/224 [vault guard/+0 long sword (12)]
 59743 | Vaults:4 | Reached skill level 20 in Evocations
 59743 | Vaults:4 | HP: 47/224 [vault guard/+1 vorpal great sword (7)]
 59879 | Vaults:5 | HP: 105/224 [vault guard/+0 glaive (8)]
 59884 | Vaults:5 | HP: 83/224 [shadow dragon (8)]
 60146 | Vaults:4 | HP: 112/224 [tengu reaver/+2 battleaxe of freezing (6)]
 60153 | Vaults:4 | HP: 58/224 [tengu reaver/bolt of acid (12)]
 60155 | Vaults:4 | Reached skill level 21 in Dodging
 60282 | Vaults:4 | HP: 110/224 [ettin/+0 dire flail (18)]
 60746 | Vaults:4 | Reached skill level 22 in Dodging
 60977 | Vaults:5 | Identified the +2 leather armour "Esaxikue" {-Tele rN+
                  | Regen+ Int+2}
 61068 | Vaults:5 | Reached skill level 23 in Dodging
 61074 | Vaults:5 | Identified the +2 leather armour of Mogu {rCorr}
 61081 | Vaults:5 | Got a silver rune of Zot
 61131 | Vaults:5 | Reached XP level 25. HP: 222/231 MP: 23/23
 61313 | Vaults:5 | HP: 113/231 [vault warden/+0 great sword (27)]
 61315 | Vaults:5 | Reached skill level 24 in Dodging
 61318 | Vaults:5 | HP: 100/231 [ettin/+0 dire flail (18)]
 61499 | Vaults:5 | Noticed a dread lich
 61511 | Vaults:5 | Killed a dread lich
 61570 | Vaults:5 | Identified the amulet of Atzu {Spirit rElec SInv}
 61580 | Vaults:5 | Identified the +7 falchion of Makhleb's Approval {vamp, rC+
                  | rN+ Dex+3}
 61738 | Vaults:5 | Identified the +1 scale mail of Supple Strength {Slay+2}
 61942 | Vaults:5 | Got Wipnogau's Octavo of Iniquitous Rites and Forms
 62070 | Vaults:5 | Noticed an ancient lich
 62088 | Vaults:5 | Reached skill level 25 in Dodging
 62096 | Vaults:5 | Killed an ancient lich
 62097 | Vaults:5 | Found Koto's Distillery.
 62132 | Vaults:5 | Bought a potion of heal wounds for 105 gold pieces
 62132 | Vaults:5 | Bought a potion of heal wounds for 105 gold pieces
 62132 | Vaults:5 | Bought a potion of resistance for 210 gold pieces
 62180 | Vaults:5 | Noticed Sojobo
 62202 | Vaults:5 | Killed Sojobo
 62867 | Zot:1    | Entered Level 1 of the Realm of Zot
 63306 | Zot:1    | HP: 90/232 [golden dragon (31)]
 63317 | Zot:1    | HP: 66/232 [??? (33)]
 63421 | Zot:1    | HP: 101/232 [??? (52)]
 63818 | Zot:2    | Found the +1 cloak of Starlight {*Dazzle EV+4 Stlth--}
 64023 | Zot:2    | Reached skill level 21 in Fighting
 64023 | Zot:2    | Reached skill level 21 in Armour
 64790 | Zot:3    | Reached XP level 26. HP: 244/246 MP: 23/23
 65025 | Zot:3    | HP: 123/246 [poisoned by a black draconian knight]
 65028 | Zot:3    | Reached skill level 22 in Fighting
 65028 | Zot:3    | Reached skill level 22 in Armour
 65030 | Zot:3    | HP: 81/246 [poisoned by a black draconian knight]
 65031 | Zot:3    | HP: 24/246 [something (18)]
 65036 | Zot:3    | HP: 75/246 [poisoned by a black draconian knight]
 65041 | Zot:3    | HP: 75/246 [poisoned by a black draconian knight]
 65046 | Zot:3    | HP: 82/246 [poisoned by a black draconian knight]
 66217 | Zot:5    | Entered Level 5 of the Realm of Zot
 66305 | Zot:5    | Reached skill level 23 in Fighting
 66305 | Zot:5    | Reached skill level 23 in Armour
 67930 | Zot:5    | Noticed a dread lich
 67974 | Zot:5    | Killed a dread lich
 68075 | Zot:5    | Identified the +9 mace of Benevolence {venom, rC+ Int+6}
 68123 | Zot:5    | Reached skill level 24 in Fighting
 68123 | Zot:5    | Reached skill level 24 in Armour
 68131 | Zot:5    | Noticed a dread lich
 68153 | Zot:5    | Killed a dread lich
 68189 | Zot:5    | Noticed an orb of fire
 68205 | Zot:5    | Gained mutation: You occasionally shout uncontrollably at
                  | your foes. [an orb of fire]
 68208 | Zot:5    | Killed an orb of fire
 68389 | Zot:5    | Noticed an ancient lich
 68403 | Zot:5    | Killed an ancient lich
 68461 | Zot:5    | Reached XP level 27. HP: 254/264 MP: 23/23
 68472 | Zot:5    | Noticed an orb of fire
 68476 | Zot:5    | Gained mutation: Potions are less effective at restoring
                  | your health. [an orb of fire]
 68479 | Zot:5    | Killed an orb of fire
 68587 | Zot:5    | Got the Orb of Zot
 68702 | Zot:2    | Noticed Ozofejogyg the pandemonium lord
 68720 | Zot:2    | Killed Ozofejogyg the pandemonium lord
 68773 | Zot:1    | Noticed Caicuo the pandemonium lord
 68934 | Depths:1 | Reached skill level 25 in Fighting
 68934 | Depths:1 | Reached skill level 25 in Armour
 68948 | Depths:1 | Noticed Xateshrun the pandemonium lord
 68958 | Depths:1 | Killed Xateshrun the pandemonium lord
 69064 | D:14     | Noticed Voro the pandemonium lord
 69076 | D:14     | HP: 106/266 [Voro the pandemonium lord (30)]
 69082 | D:14     | HP: 95/266 [barbs]
 69329 | D:4      | Noticed Bokh the pandemonium lord
 69415 | D:$      | Escaped with the Orb!

Illustrated notes

Levels and vault maps discovered:
D:1:      mushboom_english_gardens, layout_basic
D:2:      layout_basic, nicolae_shop_unique_rings, uniq_sigmund
D:3:      mumra_celtic_spiral_tile, layout_loops_cross
D:4:      layout_cave_pools, mainiacjoe_overflow_alcove_4, serial_shops,
          shop_fountains
D:5:      layout_basic, ebering_ghost_sewer_d
D:6:      layout_rooms, general_overflow_altar, eat_drink_and_be_merry_uskayaw,
          minmay_temple_entry_statues_pillars, serial_corexii_hall,
          corexii_hall_statues_s, corexii_hall_statues_u, serial_shops,
          nicolae_shop_trees, kennysheep_mini_moat, nicolae_take_the_stairs,
          shop, nicolae_stop_n_shop_1, minmay_circle_x, uniq_eustachio
D:7:      layout_rooms, serial_shops, shop_fountains
D:8:      layout_basic, grunt_temple_overflow_open, serial_shops,
          nicolae_shop_bloodbath_and_beyond, nicolae_shop_crystal,
          nicolae_shop_statue_plus
D:9:      layout_cave_pools, mainiacjoe_overflow_paths, grunt_tough_drop
D:10:     layout_roguey, mainiacjoe_overflow_24_doors, fedhas_altar_2,
          dpeg_lair_monsters, david_orc_3, serial_shops, nicolae_diamond_shop,
          grunt_ministairs_11, hangedman_decor_points, minivault_21,
          lemuel_flamethrower_2
D:11:     layout_irregular_city, uniq_urug, uniq_harold
D:12:     layout_gridville
D:13:     layout_gridville
D:14:     minmay_containers, layout_loops_corners, david_vaults_4, fountainhead,
          nicolae_concentric_dashed_squares_mild, uniq_azrael, uniq_lodul,
          uniq_snorg
D:15:     hangedman_depths_entry_try_elsewhere_first, layout_gridville,
          nicolae_kite_square_tiling_tiny
Lair:1:   layout_gridlike, basic_altar, chequers_serial_rivers_micro_c,
          lemuel_fruit_fields, serial_bayou_shore_b, lemuel_fruit_tree
Lair:2:   layout_regular_city, nicolae_swamp_entry_splash_gauntlet
Lair:3:   layout_roguey, dummy_spider_entry, infiniplex_staircase_pool_2
Lair:4:   layout_regular_city, minmay_slime_entry_pillars, basic_altar
Lair:5:   hellmonk_lair_end_abyssal_woods, layout_gridlike, special_room
          [special_room_mythical_zoo], serial_bayou, serial_bayou_ford_a,
          serial_bayou_pond_b, serial_bayou_pond_d, serial_bayou_shore_a
Swamp:1:  layout_falls_marsh, evilmike_swamp_ruin_house_6, swamp_pool1,
          cheibrodos_swamp_pet_leeches
Swamp:2:  nicolae_swamp_ascending_descending, layout_falls_marsh,
          nicolae_swamp_some_circles, uniq_frances
Swamp:3:  layout_basic_swamp, evilmike_swamp_ruin_house_3, swamp_pool2,
          nicolae_swamp_triple_paths
Swamp:4:  swamp_old_school, layout_basic_swamp, uniq_mara
Spider:1: layout_spider_delve, uniq_roxanne, uniq_jorgrun
Spider:2: layout_spider_delve, uniq_aizul
Spider:3: layout_spider_delve, gammafunk_ghost_split
Spider:4: grunt_spider_rune_circles
Orc:1:    layout_caves, serial_shops, nicolae_lakefront_shop,
          nicolae_orc_crystal_geode
Orc:2:    pf_orc_diabolical, layout_caves
Elf:1:    layout_loops_cross, ebering_ghost_xom, minmay_elf_demonology,
          einodemon_armed_red_devil_minivault
Elf:2:    nicolae_elf_blades_crystal_corner, layout_geoelf_diagonals
Elf:3:    minmay_elf_hall_spiked, layout_geoelf_octagon
Vaults:1: ebering_ghost_rock_garden, vaults_room_guarded_vault,
          grunt_vaults_hallway_long, hangedman_vaults_stream, v_misc_27,
          v_misc_30, nicolae_vaults_yaktaur_gun_rack, v_pattern_5,
          hangedman_vaults_hat, nicolae_vaults_specimen_jars, vaults_mumra_lcd,
          nicolae_vaults_bisected_inception, vaults_dpeg_emergency_exit,
          layout_vaults_omnibox
Vaults:2: vaults_dpeg_ring, ontoclasm_vaults_twist,
          nicolae_vaults_an_arrangement, nicolae_vaults_little_squares_6,
          v_misc_2, nicolae_vaults_network_s, grunt_vaults_focal, v_misc_5,
          ontoclasm_vaults_ring_small, v_misc_3, layout_vaults_big_cross
Vaults:3: portal_desolation_entry_twin_temple, nicolae_vaults_back_hallway,
          v_pattern_1, grunt_vaults_diagonal, blue_anna_dwarven_crypt,
          v_misc_12, vaults_standard_mumra_lines, vaults_room_corners,
          hangedman_vaults_cutoff, vaults_room_corners, ontoclasm_vaults_pinch,
          vaults_dpeg_encased_lava, layout_vaults_ring, uniq_nikola, uniq_boris
Vaults:4: nicolae_vaults_little_squares_2, hangedman_vaults_river_flow,
          vaults_room_stairs_pillars, v_rooms_4,
          vaults_mumra_minichess_inversion, nicolae_vaults_network_periphery,
          v_pattern_4, nicolae_vaults_network_quinsquares
          [nicolae_vaults_network_quincunx_subvault,
          nicolae_vaults_network_quincunx_subvault,
          nicolae_vaults_network_quincunx_subvault,
          nicolae_vaults_network_quincunx_subvault], vaults_room_grid,
          layout_vaults_quadrants
Vaults:5: serial_shops, uniq_sojobo
Crypt:1:  layout_chaotic_city, minivault_26
Crypt:2:  layout_chaotic_city, uniq_bai_suzhen
Crypt:3:  church_of_pain_bobbens, layout_chaotic_city, uniq_jory
Depths:1: layout_gridlike, mu_enter_wizlab_3, hellmouth_2, minmay_misc_feat_chi,
          nicolae_abyss_entry_one_way_or_another, grunt_decor_fettered,
          nrook_uturn, minmay_shop_mass, minivault_12, serial_bayou_shore_b,
          minmay_shop_grove
Depths:2: minmay_coctagon, layout_gridlike, gammafunk_ghost_cemetery,
          chequers_serial_rivers_micro_d, pf_hell_entry_great_geh, pan_entry,
          led_sif_pool, uniq_grunn
Depths:3: hellmonk_paralyzer, layout_long_grid, minmay_room_of_horrors,
          hell_entry, kiku_gazebo_pond_becter, infiniplex_staircase_9_rooms
Depths:4: evilmike_zot_entry_castle, layout_basic, enter_ziggurat_f, hell_entry,
          serial_glass, glass_columns_c, glass_columns_b, lemuel_old_faithful
Zot:1:    layout_gridville
Zot:2:    layout_misc_corridors
Zot:3:    layout_gridlike, hangedman_zot_gyre, st_stairs_8
Zot:4:    layout_gridlike
Zot:5:    layout_gridlike

Skill      XL: |  1  2  3  4  5  6  7  8  9 10 11 12 13 14 15 16 17 18 19 20 21 22 23 24 25 26 27 |
---------------+----------------------------------------------------------------------------------+-----
Axes           | 4 5 7 8 9 11 14 16 18 22 24 | 24.4
Throwing       | 2 5 8 13 16 18 20 | 20.0
Armour         | 3 7 10 12 15 18 20 21 24 25 | 25.0
Dodging        | 3 6 9 10 11 15 17 20 23 25 | 25.4
Fighting       | 7 12 16 19 20 21 24 25 | 25.0
Evocations     | 12 17 20 | 20.0
Spellcasting   | |  1.0
Fire Magic     | |  2.1

Action                   |  1- 3 |  4- 6 |  7- 9 | 10-12 | 13-15 | 16-18 | 19-21 | 22-24 | 25-27 || total
-------------------------+-------+-------+-------+-------+-------+-------+-------+-------+-------++-------
Melee: Hand axe          |    86 |   113 |   167 |    22 |    44 |       |       |       |       ||   432
       Headbutt          |    10 |    23 |    53 |   127 |   291 |   241 |   424 |   404 |   334 ||  1907
       Punch             |       |     2 |     1 |     4 |     9 |     2 |       |       |       ||    18
       Flail             |       |       |    78 |   527 |   742 |       |       |       |       ||  1347
       Executioner's axe |       |       |       |       |   553 |  1091 |  1524 |  1523 |  1156 ||  5847
       Dire flail        |       |       |       |       |     4 |       |       |       |       ||     4
       War axe           |       |       |       |       |       |    29 |       |       |       ||    29
Throw: Dart              |       |     3 |       |    10 |    17 |       |     1 |       |       ||    31
       Boomerang         |       |       |       |     2 |       |    45 |    19 |    52 |    39 ||   157
       Javelin           |       |       |       |       |       |       |     3 |       |       ||     3
Evoke: Wand              |       |       |       |     4 |     3 |       |       |     2 |     4 ||    13
       Phantom mirror    |       |       |       |       |       |     1 |       |       |     1 ||     2
       Condenser vane    |       |       |       |       |       |       |       |     3 |     1 ||     4
       Tin of tremorston |       |       |       |       |       |       |       |     2 |       ||     2
  Use: Scroll            |       |       |    17 |     5 |    27 |     7 |     4 |    10 |    17 ||    87
       Potion            |       |       |       |     1 |     9 |     4 |       |     4 |    14 ||    32
 Stab: Distracted        |       |       |       |       |     1 |       |       |       |       ||     1
       Invisible         |       |       |       |       |       |       |       |     5 |    23 ||    28
       Confused          |       |       |       |       |       |       |       |       |     1 ||     1
Armor: Robe              |    27 |       |       |       |       |       |       |       |       ||    27
       Scale mail        |    12 |    54 |     1 |       |       |       |       |       |       ||    67
       Ring mail         |       |       |   108 |   258 |   677 |       |       |       |       ||  1043
       Swamp dragon scal |       |       |       |       |       |   800 |    32 |       |       ||   832
       Chain mail        |       |       |       |       |       |       |   203 |       |       ||   203
       Crystal plate arm |       |       |       |       |       |       |   727 |   837 |       ||  1564
       Gold dragon scale |       |       |       |       |       |       |       |   300 |   680 ||   980
Dodge: Dodged            |    37 |    40 |   116 |   371 |   863 |   919 |   741 |   839 |   724 ||  4650
       Repelled          |       |       |       |       |       |       |     2 |    14 |       ||    16

Table legend: (Time is in decaauts)
 A = Elapsed time spent in this place.
 B = Non-inter-level travel time spent in this place.
 C = Inter-level travel time spent in this place.
 D = Time resting spent in this place.
 E = Time spent auto-exploring this place.
 F = Levels seen in this place.
 G = Mean time per level.
                   A        B        C        D        E       F      G
               +--------+--------+--------+--------+--------+-----+--------+
         Total |  67926 |  58723 |   9203 |  10221 |  33993 |  52 | 1306.3 |
       Dungeon |  17729 |  13836 |   3893 |   1666 |   9456 |  15 | 1181.9 |
          Lair |   6138 |   5204 |    934 |    291 |   3732 |   5 | 1227.6 |
         Swamp |   4416 |   3946 |    470 |    712 |   2317 |   4 | 1104.0 |
   Spider Nest |   5653 |   5199 |    454 |   1851 |   2246 |   4 | 1413.2 |
  Orcish Mines |   2224 |   1928 |    296 |    248 |   1067 |   2 | 1112.0 |
   Elven Halls |   3439 |   3294 |    145 |    607 |   1864 |   3 | 1146.3 |
        Vaults |  10600 |   9193 |   1407 |   2203 |   4821 |   5 | 2120.0 |
         Crypt |   4313 |   4040 |    273 |    779 |   2085 |   3 | 1437.7 |
        Depths |   6201 |   5574 |    627 |   1093 |   3230 |   4 | 1550.2 |
           Zot |   5238 |   4538 |    700 |    361 |   2645 |   5 | 1047.6 |
        Wizlab |    752 |    752 |      0 |    159 |    327 |   1 |  752.0 |
    Desolation |   1217 |   1217 |      0 |    248 |    201 |   1 | 1217.0 |
               +--------+--------+--------+--------+--------+-----+--------+

Top non-repeatable levels by time:
Vaults:4: 2927 daAuts
    D:14: 2649 daAuts
Spider:1: 2323 daAuts
Vaults:1: 2287 daAuts
 Crypt:3: 2186 daAuts
Depths:4: 2185 daAuts
Vaults:3: 1995 daAuts
  Lair:5: 1863 daAuts
    D:13: 1788 daAuts
Vaults:2: 1777 daAuts
   Orc:2: 1633 daAuts
Vaults:5: 1613 daAuts
   Zot:5: 1545 daAuts
   Elf:3: 1533 daAuts
Depths:2: 1531 daAuts
